 Dungeon Crawl Stone Soup version 0.30.0-20-g3615ddf2f0 (webtiles) character file.

Game seed: 14631897597175456423

292723 qw the Tortoise (level 21, -2/141 HPs)
             Began as a Gargoyle Fighter on May 29, 2023.
             Was a High Priest of Okawaru.
             Slain by a 19-headed hydra (10 damage)
             ... called by a spriggan druid
             ... on level 4 of the Swamp.
             The game lasted 00:34:13 (42342 turns).

qw the Tortoise (Gargoyle Fighter)                 Turns: 42342, Time: 00:34:14

Health: -2/141     AC: 64    Str: 33      XL:     21   Next: 19%
Magic:  25/25      EV: 17    Int: 11      God:    Okawaru [*****.]
Gold:   418        SH: 27    Dex: 12 (13) Spells: 20/20 levels left

rFire   . . .        p - +4 war axe (vamp)
rCold   + . .        v - +4 tower shield of Pride {rN+}
rNeg    + + .        q - +0 crystal plate armour
rPois   inf          u - +2 helmet
rElec   +            t - +2 cloak
rCorr   .            e - +0 pair of gloves of Kleptomania {Str+4}
SInv    .            B - +2 pair of boots
Will    +....        L - amulet of Vitality {RegenMP++ Regen++} Stlth
                     G - ring of Urok {AC+4 Dex+4}
HPRegen 2.03/turn    m - +5 ring of evasion
MPRegen 0.99/turn

%: no passive effects
@: about to teleport, heroic, flying
A: sickness immunity, AC +16, big wings, negative energy resistance 1,
electricity resistance, torment resistance 1, petrification resistance, cold
resistance 1, deterioration 1, low MP 1, MP-powered wands
}: 1/15 runes: serpentine
a: Renounce Religion, Heroism, Finesse, Duel


You were on level 4 of the Swamp.
You worshipped Okawaru.
Okawaru was extremely pleased with you.
You visited 7 branches of the dungeon, and saw 35 of its levels.
You visited the Abyss 1 time.
You also visited: Ossuary.

You collected 4184 gold pieces.
You spent 3766 gold pieces at shops.


Innate Abilities, Weirdness & Mutations

You are immune to sickness and miasma.
Your stone body is resilient. (AC +16)
You are immune to poison.
Your large and strong wings let you fly.
You resist negative energy. (rN+)
You are resistant to electric shocks. (rElec)
You are resistant to unholy torment.
You are immune to petrification.
Your flesh is cold resistant. (rC+)
Your body sometimes deteriorates upon taking damage.
Your magical capacity is low. (-10% MP)
You expend magic power (3 MP) to strengthen your wands.


   Skills:
 - Level 18.0(23.0) Fighting
 - Level 16.0(21.0) Axes
 - Level 10.0(15.0) Throwing
 + Level 20.6(25.6) Armour
 - Level 6.0(11.0) Dodging
 - Level 19.5(24.5) Shields
 - Level 10.0 Invocations


You had 20 spell levels left.
You didn't know any spells.
Your spell library was empty.

Inventory:

Hand Weapons
 p - a +4 vampiric war axe (weapon)
 A - a +3 broad axe of flaming
Missiles
 r - a boomerang of dispersal
 y - 13 boomerangs
 H - 4 silver javelins (quivered)
 K - 9 javelins
Armour
 e - the +0 pair of gloves of Kleptomania (worn) {Str+4}
   (You acquired it on level 5 of the Dungeon)

   Str:       It affects your strength (+4).
 q - a +0 crystal plate armour (worn)
 s - +0 ice dragon scales
 t - a +2 cloak (worn)
 u - a +2 helmet (worn)
 v - the +4 tower shield of Pride (worn) {rN+}
   (Okawaru gifted it to you on level 5 of the Lair of Beasts)

   rN:        It protects you from negative energy.
 z - +0 acid dragon scales
 B - a +2 pair of boots (worn)
Jewellery
 m - a +5 ring of evasion (right hand)
 n - a ring of protection from cold
 o - a ring of resist corrosion
 w - the ring of Xom's Entertainment {Ice rN+}
   (You found it on level 2 of the Snake Pit)

   [ring of ice]

   It enhances your ice magic.
   rF:        It makes you vulnerable to fire.
   rC:        It protects you from cold.
   rN:        It protects you from negative energy.
 x - a ring of protection from fire
 G - the ring of Urok (left hand) {AC+4 Dex+4}
   (You found it on level 5 of the Lair of Beasts)

   [ring of protection]

   AC:        It affects your AC (+4).
   Dex:       It affects your dexterity (+4).
 I - a ring of protection from fire
 L - the amulet of Vitality (around neck) {RegenMP++ Regen++}
   (You bought it in a shop on level 2 of the Orcish Mines)

   [amulet of magic regeneration]

   It increases your rate of magic regeneration.
   Regen:     It increases your rate of health regeneration.
Wands
 h - a wand of digging (6)
Scrolls
 a - 13 scrolls of identify
 k - 14 scrolls of teleportation
Potions
 b - 7 potions of attraction
 c - 3 potions of resistance
 d - 4 potions of might
 f - 6 potions of cancellation
 g - 10 potions of curing
 i - 2 potions of mutation
 l - 5 potions of heal wounds
 C - 3 potions of lignification
 D - 4 potions of haste
 E - 3 potions of magic

Dungeon Overview and Level Annotations

Branches:
Dungeon (15/15)            Temple (1/1) D:7            Lair (5/5) D:10
  Swamp (4/4) Lair:2        Snake (4/4) Lair:3        Slime (0/5) Lair:4
    Orc (2/2) D:9             Elf (0/3) Orc:2        Vaults (4/5) D:14
  Crypt (0/3) Vaults:2     Depths (0/4) D:15        Ossuary (visited)

Altars:
Ashenzari
Cheibriados
Dithmenos
Elyvilon
Fedhas
Gozag
Hepliaklqana
Kikubaaqudgha
Makhleb
Nemelex Xobeh
Okawaru
Qazlal
Ru
Sif Muna
Trog
Uskayaw
Vehumet
Wu Jian
Xom
Yredelemnul
Zin
The Shining One
Jiyva

Shops:
D:7 [   D:8 (   D:9 *   Orc:1 =   Orc:2 =[*(   Snake:2 :***   Snake:3 :
Snake:4 *[   Vaults:2 [   Vaults:3 ?   Vaults:4 =

Portals:
Abyss: Snake:1

Annotations:
D:2 1 runed translucent door, Crazy Yiuf
D:10 3 runed translucent doors, qw's ghost, journeyman GrCA
Snake:1 2 transporters, Mesuenwa's ghost, adept DEHW
Vaults:3 2 transporters, Zotwa's ghost, adept GnSk


Message History

The 19-headed hydra barely misses you. The 19-headed hydra bites you! x2
42342 ||| READING 15 scrolls of teleportation.
As you read the scroll of teleportation, it crumbles to dust.
You feel strangely unstable.
The 14-headed hydra bites you but does no damage.
The 14-headed hydra closely misses you.
The 14-headed hydra bites you but does no damage.
You block the 14-headed hydra's attack. x2
The 14-headed hydra bites you but does no damage.
The 14-headed hydra closely misses you.
You block the 14-headed hydra's attack. x2
The 14-headed hydra bites you but does no damage.
The 14-headed hydra misses you. The 14-headed hydra barely misses you.
You block the 14-headed hydra's attack. The 14-headed hydra barely misses you.
The 13-headed hydra misses you.
The 13-headed hydra bites you but does no damage. x2
The 13-headed hydra barely misses you.
The 13-headed hydra bites you but does no damage. x2
The 13-headed hydra bites you!
The 13-headed hydra completely misses you.
The 13-headed hydra bites you but does no damage.
The 13-headed hydra barely misses you.
The 13-headed hydra bites you but does no damage.
The 13-headed hydra closely misses you. The 13-headed hydra bites you!
The swamp drake breathes poison at you.
The noxious blast engulfs you but does no damage.
You resist. The swamp dragon closely misses you. The swamp dragon misses you.
The swamp dragon tramples you.
You hold your ground!
The 19-headed hydra bites you but does no damage. x2
The 19-headed hydra closely misses you. The 19-headed hydra barely misses you.
The 19-headed hydra closely misses you.
The 19-headed hydra bites you but does no damage. x2
The 19-headed hydra closely misses you.
The 19-headed hydra bites you but does no damage. x3
You block the 19-headed hydra's attack. The 19-headed hydra bites you!
The 19-headed hydra misses you.
The 19-headed hydra completely misses you.
The 19-headed hydra bites you but does no damage.
The 19-headed hydra closely misses you. The 19-headed hydra barely misses you.
The 19-headed hydra bites you!
You die... 777 777 777

7~.77~77777777.~7
$.~~~7~...7~.~.77
7~~...~~¤.~<..~7
77.~00D~~~%.7..¤~.~7
7.¤~D@k~~~%%%~~~~.~7
7..~D0D~~~~~~~~~~..~
77.~000~~~~~~¤~~~~..
777.0000¤¤~~~~~~~~~~~
7~...¤~0¤~.~~~~~~~~~~
7......~~~.77.~~~~~...~
7.~~~¤~~~~.~~.~~~~~~.~
7.~¤~~~~~~.~.....~~~
7~[~~~~~~~~777~...~~


You could see a 19-headed hydra (strong), a 14-headed hydra (strong), a
13-headed hydra, a swamp dragon and a swamp drake (strong).

Vanquished Creatures
  Mara (Vaults:2)
  Saint Roka (Vaults:2)
  Nikola (Vaults:1)
  A bone dragon (Abyss:2)
  2 tentacled monstrosities
  A lich (Vaults:1)
  A tentacled starspawn (Abyss:2)
  2 sphinxes
  A thorn hunter (Swamp:2)
  Donald (Vaults:2)
  Roxanne (Snake:1)
  2 fenstrider witches (Swamp:2)
  10 nagarajas
  12 vault wardens
  A deep elf sorcerer (Vaults:1)
  2 frost giants
  Aizul (Vaults:1)
  A cacodemon (Abyss:2)
  15 ironbound preservers
  3 orc warlords
  4 ghouls (Swamp:2)
  5 very ugly things (Vaults:2)
  8 ironbound thunderhulks
  A war gargoyle (Vaults:4)
  4 bunyips
  An eleionoma (Swamp:3)
  4 dire elephants
  A red draconian (Abyss:2)
  An ettin (D:14)
  A green death (Abyss:2)
  3 crystal guardians
  A shambling mangrove (Swamp:3)
  A fire dragon (D:13)
  4 great orbs of eyes
  14 yaktaur captains
  4 vault guards
  A quicksilver dragon skeleton (Vaults:2)
  2 salamander tyrants (Snake:4)
  3 ice dragons
  16 anacondas
  3 peacekeepers
  10 ironbound frosthearts
  A death knight (D:14)
  2 catoblepae
  5 hydras
  4 ghost crabs
  3 ogre magi (D:15)
  7 boulder beetles
  14 centaur warriors
  14 two-headed ogres
  8 alligators
  8 death yaks (Lair:5)
  A soul eater (Abyss:2)
  4 orc high priests
  12 naga warriors
  2 thrashing horrors (Abyss:2)
  13 naga sharpshooters
  3 tengu warriors (D:13)
  Sonja (D:10)
  5 spriggans
  A hell knight (Vaults:2)
  4 shock serpents
  11 skeletal warriors
  7 salamander mystics
  A skyshark (Lair:4)
  4 glowing orange brains
  A spectral anaconda (Lair:5)
  A goliath frog (Swamp:4)
  29 deep trolls
  2 flayed ghosts
  2 phantasmal warriors
  A sea snake (Snake:2)
  2 spriggan druids
  11 ironbound convokers
  2 naga ritualists
  A bog body (Swamp:4)
  A deep troll (shapeshifter) (Abyss:2)
  3 large abominations (Abyss:2)
  3 harpies (Vaults:1)
  3 lindwurms (Vaults:2)
  3 swamp dragons
  7 wizards
  A wolf spider (D:13)
  5 necromancers
  An obsidian statue (Lair:5)
  4 deep elf pyromancers
  11 orc knights
  5 mana vipers
  4 orc sorcerers
  A tengu skeleton (Vaults:2)
  A worldbinder (Abyss:2)
  12 elephants
  6 will-o-the-wisps
  A spectral centaur (D:13)
  27 ugly things
  A sphinx skeleton (Vaults:2)
  Joseph (D:9)
  18 salamanders
  7 cyclopes
  5 manticores
  Maurice (D:8)
  2 dire elephant zombies (Lair:5)
  35 black mambas
  2 smoke demons (Abyss:2)
  23 vault sentinels
  A stone giant skeleton (Vaults:2)
  2 apocalypse crabs (Abyss:2)
  18 naga magi
  A torpor snail (Lair:5)
  An orange demon (Abyss:2)
  15 cane toads
  A dire elephant skeleton (Lair:5)
  9 guardian serpents
  An unseen horror (D:12)
  3 centaur skeletons (D:13)
  Psyche (D:9)
  A rime drake (Lair:5)
  2 kobold demonologists (D:12)
  A komodo dragon (shapeshifter) (Abyss:2)
  7 komodo dragons
  An efreet (D:11)
  25 yaktaurs
  7 trolls
  A bloated husk (Swamp:2)
  7 tyrant leeches
  9 hornets
  9 blink frogs
  2 spectral elephants (Lair:5)
  Sigmund (D:4)
  A slime creature (shapeshifter) (Vaults:4)
  19 slime creatures
  2 centaur simulacra
  2 spectral black mambas (Lair:2)
  A shadow (Abyss:2)
  6 wraiths
  A spectral komodo dragon (Lair:2)
  4 wyverns
  3 fire bats
  38 yaks
  9 vampire mosquitoes
  3 basilisks
  3 neqoxecs (Abyss:2)
  2 steam dragons
  2 death yak simulacra (Lair:5)
  A chaos spawn (Abyss:2)
  A spectral cane toad (Lair:5)
  A redback (shapeshifter) (Vaults:1)
  Menkaure (Ossuary)
  6 wargs
  12 swamp worms
  An acid dragon (shapeshifter) (D:14)
  32 nagas
  3 acid dragons
  10 water moccasins
  3 human skeletons (Vaults:2)
  Duvessa (D:5)
  2 glowing shapeshifter skeletons (Vaults:2)
  A meliai simulacrum (D:13)
  2 sky beasts
  2 swamp drakes (Swamp:4)
  2 ice beasts
  2 black bears
  44 orc warriors
  4 boggarts (Vaults:1)
  3 elephant skeletons (Lair:5)
  22 wolves
  7 centaurs
  11 ogres
  5 phantoms
  3 kobold brigands
  3 scorpions
  4 small abominations (Abyss:2)
  A gnoll sergeant (D:7)
  11 bullfrogs
  Dowan (D:5)
  9 killer bees
  An elephant simulacrum (Lair:5)
  8 howler monkeys
  4 electric eels
  A quasit (Abyss:2)
  A gnoll bouda (Orc:2)
  6 hounds
  2 jellies
  17 orc priests
  Jessica (D:2)
  2 iguanas
  36 orc wizards
  A sleepcap (D:7)
  A boggart zombie (D:13)
  Natasha (twice) (D:2)
  3 mummies (Ossuary)
  10 adders
  32 gnolls
  2 shadow imps
  4 white imps
  2 ufetubi
  3 worms
  2 dart slugs
  89 orcs
  10 endoplasms
  4 giant cockroaches
  14 goblins
  14 hobgoblins
  14 jackals
  20 kobolds
  4 quokkas
  2 ball pythons
  12 bats
  2 frilled lizards
  4 gnoll skeletons (Ossuary)
  8 gnoll zombies (Ossuary)
  7 goblin skeletons (Ossuary)
  4 goblin zombies
  2 hobgoblin skeletons (Ossuary)
  5 hobgoblin zombies
  6 kobold skeletons (Ossuary)
  4 kobold zombies
  2 orc skeletons
  8 orc zombies
  5 rats
  5 rat skeletons (Ossuary)
  6 rat zombies
  A starspawn tentacle (Abyss:2)
1359 creatures vanquished.

Vanquished Creatures (others)
  A hydra (Swamp:2)
  An ironbound convoker (Vaults:4)
  A wizard (D:11)
  A smoke demon (Abyss:2)
  A bloated husk (Swamp:2)
  A hornet (Swamp:2)
  An orc warrior (Orc:2)
  A boggart (Vaults:1)
  43 foxfires
  3 starspawn tentacles (Abyss:2)
54 creatures vanquished.

Grand Total: 1413 creatures vanquished

Notes
Turn   | Place    | Note
-------+----------+-------------------------------------------
     0 | D:1      | qw the Gargoyle Fighter began the quest for the Orb.
     0 | D:1      | Reached XP level 1. HP: 14/14 MP: 1/1
     0 | D:1      | 0 ||| qw: Version: 0.2-a-102-gaee6249
     0 | D:1      | 0 ||| qw: Game counter: 373
     0 | D:1      | 0 ||| qw: Always use a shield: true
     0 | D:1      | 0 ||| qw: God list: Okawaru
     0 | D:1      | 0 ||| qw: Allow faded altars: false
     0 | D:1      | 0 ||| qw: Do Orc after D:15 true
     0 | D:1      | 0 ||| qw: Do second Lair branch before Depths: true
     0 | D:1      | 0 ||| qw: Lair rune preference: random
     0 | D:1      | 0 ||| qw: Plans: Normal, Zot:1-4, Slime:5, God:TSO, Crypt,
                  | Tomb, Pan, Hells, Abyss, Win
     0 | D:1      | 0 ||| PLANNING D:1-11
   121 | D:1      | Reached XP level 2. HP: 19/19 MP: 2/2
   574 | D:1      | Reached skill level 3 in Axes
   586 | D:1      | 586 ||| UPGRADING to +0 chain mail.
   596 | D:1      | 596 ||| DROPPING +0 scale mail.
   597 | D:1      | 597 ||| DROPPING ring of flight.
   598 | D:1      | 598 ||| READING scroll labelled TODAID ZEITI.
   608 | D:1      | 608 ||| READING scroll labelled NIEXYO AWUALE.
   613 | D:1      | 613 ||| READING scroll labelled PADYWUZXOI.
   614 | D:1      | 614 ||| READING scroll labelled BEIMOU OHIMUPN.
   615 | D:1      | 615 ||| READING scroll labelled JOBRUECUFA.
   635 | D:2      | Reached XP level 3. HP: 23/23 MP: 3/3
  1009 | D:2      | 1009 ||| DROPPING +0 club.
  1019 | D:2      | 1019 ||| Stepping ~*~*~tactically~*~*~ (stealth).
  1038 | D:2      | Noticed Jessica
  1039 | D:2      | 1039 ||| Stepping ~*~*~tactically~*~*~ (hiding).
  1045 | D:2      | Killed Jessica
  1046 | D:2      | Reached XP level 4. HP: 27/28 MP: 4/4
  1272 | D:2      | Found a runed translucent door.
  1273 | D:2      | Noticed Crazy Yiuf
  1399 | D:2      | 1399 ||| DROPPING +0 hammer.
  1440 | D:2      | 1440 ||| Stepping ~*~*~tactically~*~*~ (stealth).
  1448 | D:2      | Noticed Natasha
  1454 | D:2      | Killed Natasha
  1571 | D:2      | Noticed Natasha
  1579 | D:2      | Killed Natasha
  1580 | D:2      | Reached XP level 5. HP: 19/32 MP: 5/5
  1771 | D:2      | 1771 ||| READING 2 scrolls of identify.
  1771 | D:2      | 1771 ||| IDENTIFYING ruby potion
  2115 | D:3      | Reached XP level 6. HP: 35/37 MP: 6/6
  2178 | D:3      | 2178 ||| FLEEEEING.
  2581 | D:3      | Found a white marble altar of Elyvilon.
  2724 | D:3      | 2724 ||| UPGRADING to +0 pair of gloves.
  2729 | D:3      | 2729 ||| READING scroll of enchant armour.
  2729 | D:3      | 2729 ||| ENCHANTING +0 pair of gloves.
  2863 | D:3      | HP: 9/38 [orc wizard/+2 dagger of venom (3)]
  2864 | D:3      | 2864 ||| READING scroll of teleportation.
  3050 | D:3      | 3050 ||| Stepping ~*~*~tactically~*~*~ (hiding).
  3099 | D:3      | 3099 ||| Stepping ~*~*~tactically~*~*~ (stealth).
  3117 | D:3      | 3117 ||| Stepping ~*~*~tactically~*~*~ (stealth).
  3118 | D:3      | 3118 ||| Stepping ~*~*~tactically~*~*~ (stealth).
  3119 | D:3      | 3119 ||| Stepping ~*~*~tactically~*~*~ (stealth).
  3123 | D:3      | 3123 ||| Stepping ~*~*~tactically~*~*~ (stealth).
  3156 | D:3      | 3156 ||| Stepping ~*~*~tactically~*~*~ (stealth).
  3172 | D:3      | Reached skill level 6 in Axes
  3176 | D:3      | 3176 ||| FLEEEEING.
  3180 | D:3      | 3180 ||| FLEEEEING.
  3224 | D:3      | 3224 ||| Stepping ~*~*~tactically~*~*~ (stealth).
  3225 | D:3      | 3225 ||| Stepping ~*~*~tactically~*~*~ (stealth).
  3250 | D:3      | 3250 ||| DROPPING +3 mace.
  3259 | D:3      | 3259 ||| Stepping ~*~*~tactically~*~*~ (stealth).
  3264 | D:3      | 3264 ||| READING scroll labelled VAIFEOV XIOLAP.
  3275 | D:3      | Reached skill level 1 in Dodging
  3285 | D:3      | 3285 ||| Stepping ~*~*~tactically~*~*~ (stealth).
  3291 | D:3      | Reached XP level 7. HP: 39/43 MP: 7/7
  4088 | D:3      | 4088 ||| READING scroll labelled QUGO OL NOCAO.
  4089 | D:3      | 4089 ||| READING scroll labelled RESEIW PYESI.
  4090 | D:3      | 4090 ||| DRINKING 2 fuming sapphire potions.
  4091 | D:3      | 4091 ||| DROPPING potion of magic.
  4180 | D:4      | 4180 ||| Stepping ~*~*~tactically~*~*~ (hiding).
  4309 | D:4      | 4309 ||| Stepping ~*~*~tactically~*~*~ (stealth).
  4317 | D:4      | 4317 ||| Stepping ~*~*~tactically~*~*~ (stealth).
  4318 | D:4      | 4318 ||| Stepping ~*~*~tactically~*~*~ (stealth).
  4340 | D:4      | 4340 ||| Stepping ~*~*~tactically~*~*~ (stealth).
  4342 | D:4      | 4342 ||| Stepping ~*~*~tactically~*~*~ (stealth).
  4344 | D:4      | 4344 ||| Stepping ~*~*~tactically~*~*~ (stealth).
  4358 | D:4      | 4358 ||| Stepping ~*~*~tactically~*~*~ (stealth).
  4379 | D:4      | Reached skill level 1 in Throwing
  4418 | D:4      | 4418 ||| Stepping ~*~*~tactically~*~*~ (stealth).
  4443 | D:4      | 4443 ||| Stepping ~*~*~tactically~*~*~ (stealth).
  4455 | D:4      | 4455 ||| Stepping ~*~*~tactically~*~*~ (stealth).
  4462 | D:4      | 4462 ||| Stepping ~*~*~tactically~*~*~ (stealth).
  4463 | D:4      | 4463 ||| Stepping ~*~*~tactically~*~*~ (stealth).
  4468 | D:4      | 4468 ||| Stepping ~*~*~tactically~*~*~ (stealth).
  4469 | D:4      | 4469 ||| Stepping ~*~*~tactically~*~*~ (stealth).
  4475 | D:4      | Found a glowing golden altar of the Shining One.
  4481 | D:4      | 4481 ||| Stepping ~*~*~tactically~*~*~ (stealth).
  4526 | D:4      | Noticed Sigmund
  4527 | D:4      | 4527 ||| Stepping ~*~*~tactically~*~*~ (hiding).
  4542 | D:4      | Killed Sigmund
  4543 | D:4      | Reached XP level 8. HP: 31/49 MP: 8/8
  4666 | D:4      | 4666 ||| Stepping ~*~*~tactically~*~*~ (hiding).
  5007 | D:4      | 5007 ||| Stepping ~*~*~tactically~*~*~ (hiding).
  5294 | D:4      | 5294 ||| DROPPING +0 flail.
  5460 | D:5      | Entered Level 5 of the Dungeon
  5461 | D:5      | 5461 ||| PLANNING OSSUARY
  5469 | D:5      | Reached skill level 6 in Fighting
  5531 | D:5      | Reached skill level 4 in Armour
  5908 | D:5      | Found a sand-covered staircase.
  5919 | Ossuary  | Entered an ossuary
  5983 | Ossuary  | 5983 ||| FLEEEEING.
  5984 | Ossuary  | 5984 ||| FLEEEEING.
  5985 | Ossuary  | 5985 ||| FLEEEEING.
  5986 | Ossuary  | 5986 ||| FLEEEEING.
  5987 | Ossuary  | 5987 ||| FLEEEEING.
  5988 | Ossuary  | 5988 ||| FLEEEEING.
  6109 | Ossuary  | 6109 ||| FLEEEEING.
  6110 | Ossuary  | 6110 ||| FLEEEEING.
  6111 | Ossuary  | 6111 ||| FLEEEEING.
  6112 | Ossuary  | 6112 ||| FLEEEEING.
  6113 | Ossuary  | 6113 ||| FLEEEEING.
  6114 | Ossuary  | 6114 ||| FLEEEEING.
  6127 | Ossuary  | 6127 ||| FLEEEEING.
  6128 | Ossuary  | 6128 ||| FLEEEEING.
  6129 | Ossuary  | 6129 ||| FLEEEEING.
  6130 | Ossuary  | 6130 ||| FLEEEEING.
  6143 | Ossuary  | 6143 ||| FLEEEEING.
  6155 | Ossuary  | 6155 ||| FLEEEEING.
  6279 | Ossuary  | 6279 ||| FLEEEEING.
  6280 | Ossuary  | 6280 ||| FLEEEEING.
  6281 | Ossuary  | 6281 ||| FLEEEEING.
  6282 | Ossuary  | 6282 ||| FLEEEEING.
  6283 | Ossuary  | 6283 ||| FLEEEEING.
  6284 | Ossuary  | 6284 ||| FLEEEEING.
  6285 | Ossuary  | 6285 ||| FLEEEEING.
  6286 | Ossuary  | 6286 ||| FLEEEEING.
  6287 | Ossuary  | 6287 ||| FLEEEEING.
  6288 | Ossuary  | 6288 ||| FLEEEEING.
  6289 | Ossuary  | 6289 ||| FLEEEEING.
  6290 | Ossuary  | 6290 ||| FLEEEEING.
  6291 | Ossuary  | 6291 ||| FLEEEEING.
  6292 | Ossuary  | 6292 ||| FLEEEEING.
  6293 | Ossuary  | 6293 ||| FLEEEEING.
  6294 | Ossuary  | 6294 ||| FLEEEEING.
  6295 | Ossuary  | 6295 ||| FLEEEEING.
  6296 | Ossuary  | 6296 ||| FLEEEEING.
  6297 | Ossuary  | 6297 ||| FLEEEEING.
  6298 | Ossuary  | 6298 ||| FLEEEEING.
  6299 | Ossuary  | 6299 ||| FLEEEEING.
  6300 | Ossuary  | 6300 ||| FLEEEEING.
  6301 | Ossuary  | 6301 ||| FLEEEEING.
  6302 | Ossuary  | 6302 ||| FLEEEEING.
  6303 | Ossuary  | 6303 ||| FLEEEEING.
  6304 | Ossuary  | 6304 ||| FLEEEEING.
  6305 | Ossuary  | 6305 ||| FLEEEEING.
  6306 | Ossuary  | 6306 ||| FLEEEEING.
  6323 | Ossuary  | 6323 ||| FLEEEEING.
  6324 | Ossuary  | 6324 ||| FLEEEEING.
  6325 | Ossuary  | 6325 ||| FLEEEEING.
  6326 | Ossuary  | 6326 ||| FLEEEEING.
  6327 | Ossuary  | 6327 ||| FLEEEEING.
  6328 | Ossuary  | 6328 ||| FLEEEEING.
  6329 | Ossuary  | 6329 ||| FLEEEEING.
  6330 | Ossuary  | 6330 ||| FLEEEEING.
  6331 | Ossuary  | 6331 ||| FLEEEEING.
  6332 | Ossuary  | 6332 ||| FLEEEEING.
  6333 | Ossuary  | 6333 ||| FLEEEEING.
  6334 | Ossuary  | 6334 ||| FLEEEEING.
  6335 | Ossuary  | 6335 ||| FLEEEEING.
  6336 | Ossuary  | 6336 ||| FLEEEEING.
  6337 | Ossuary  | 6337 ||| FLEEEEING.
  6338 | Ossuary  | 6338 ||| FLEEEEING.
  6339 | Ossuary  | 6339 ||| FLEEEEING.
  6340 | Ossuary  | 6340 ||| FLEEEEING.
  6341 | Ossuary  | 6341 ||| FLEEEEING.
  6396 | Ossuary  | 6396 ||| FLEEEEING.
  6397 | Ossuary  | 6397 ||| FLEEEEING.
  6398 | Ossuary  | 6398 ||| FLEEEEING.
  6399 | Ossuary  | 6399 ||| FLEEEEING.
  6400 | Ossuary  | 6400 ||| FLEEEEING.
  6401 | Ossuary  | 6401 ||| FLEEEEING.
  6402 | Ossuary  | 6402 ||| FLEEEEING.
  6403 | Ossuary  | 6403 ||| FLEEEEING.
  6404 | Ossuary  | 6404 ||| FLEEEEING.
  6405 | Ossuary  | 6405 ||| FLEEEEING.
  6417 | Ossuary  | 6417 ||| FLEEEEING.
  6418 | Ossuary  | 6418 ||| FLEEEEING.
  6419 | Ossuary  | 6419 ||| FLEEEEING.
  6539 | Ossuary  | 6539 ||| Stepping ~*~*~tactically~*~*~ (stealth).
  6542 | Ossuary  | 6542 ||| FLEEEEING.
  6547 | Ossuary  | 6547 ||| FLEEEEING.
  6548 | Ossuary  | 6548 ||| FLEEEEING.
  6549 | Ossuary  | 6549 ||| FLEEEEING.
  6550 | Ossuary  | 6550 ||| FLEEEEING.
  6551 | Ossuary  | 6551 ||| FLEEEEING.
  6552 | Ossuary  | 6552 ||| FLEEEEING.
  6553 | Ossuary  | 6553 ||| FLEEEEING.
  6554 | Ossuary  | 6554 ||| FLEEEEING.
  6555 | Ossuary  | 6555 ||| FLEEEEING.
  6556 | Ossuary  | 6556 ||| FLEEEEING.
  6557 | Ossuary  | 6557 ||| FLEEEEING.
  6558 | Ossuary  | 6558 ||| FLEEEEING.
  6559 | Ossuary  | 6559 ||| FLEEEEING.
  6560 | Ossuary  | 6560 ||| FLEEEEING.
  6561 | Ossuary  | 6561 ||| FLEEEEING.
  6562 | Ossuary  | 6562 ||| FLEEEEING.
  6563 | Ossuary  | 6563 ||| FLEEEEING.
  6564 | Ossuary  | 6564 ||| FLEEEEING.
  6565 | Ossuary  | 6565 ||| FLEEEEING.
  6566 | Ossuary  | 6566 ||| FLEEEEING.
  6567 | Ossuary  | 6567 ||| FLEEEEING.
  6568 | Ossuary  | 6568 ||| FLEEEEING.
  6569 | Ossuary  | 6569 ||| FLEEEEING.
  6570 | Ossuary  | 6570 ||| FLEEEEING.
  6571 | Ossuary  | 6571 ||| FLEEEEING.
  6572 | Ossuary  | 6572 ||| FLEEEEING.
  6573 | Ossuary  | 6573 ||| FLEEEEING.
  6574 | Ossuary  | 6574 ||| FLEEEEING.
  6575 | Ossuary  | 6575 ||| FLEEEEING.
  6576 | Ossuary  | 6576 ||| FLEEEEING.
  6768 | Ossuary  | 6768 ||| FLEEEEING.
  6769 | Ossuary  | 6769 ||| FLEEEEING.
  6770 | Ossuary  | 6770 ||| FLEEEEING.
  6771 | Ossuary  | 6771 ||| FLEEEEING.
  6772 | Ossuary  | 6772 ||| FLEEEEING.
  6773 | Ossuary  | 6773 ||| FLEEEEING.
  6774 | Ossuary  | 6774 ||| FLEEEEING.
  6775 | Ossuary  | 6775 ||| FLEEEEING.
  6776 | Ossuary  | 6776 ||| FLEEEEING.
  6808 | Ossuary  | Noticed Menkaure
  6815 | Ossuary  | Killed Menkaure
  6847 | Ossuary  | 6847 ||| FLEEEEING.
  6848 | Ossuary  | 6848 ||| FLEEEEING.
  6849 | Ossuary  | 6849 ||| FLEEEEING.
  6850 | Ossuary  | 6850 ||| FLEEEEING.
  6851 | Ossuary  | 6851 ||| FLEEEEING.
  6852 | Ossuary  | 6852 ||| FLEEEEING.
  6853 | Ossuary  | 6853 ||| FLEEEEING.
  6854 | Ossuary  | 6854 ||| FLEEEEING.
  6924 | Ossuary  | 6924 ||| Stepping ~*~*~tactically~*~*~ (stealth).
  6965 | Ossuary  | 6965 ||| FLEEEEING.
  6966 | Ossuary  | 6966 ||| FLEEEEING.
  6967 | Ossuary  | 6967 ||| FLEEEEING.
  6968 | Ossuary  | 6968 ||| FLEEEEING.
  6969 | Ossuary  | 6969 ||| FLEEEEING.
  6970 | Ossuary  | 6970 ||| FLEEEEING.
  6971 | Ossuary  | 6971 ||| FLEEEEING.
  6972 | Ossuary  | 6972 ||| FLEEEEING.
  6985 | Ossuary  | 6985 ||| FLEEEEING.
  6986 | Ossuary  | 6986 ||| FLEEEEING.
  6987 | Ossuary  | 6987 ||| FLEEEEING.
  7073 | Ossuary  | 7073 ||| READING scroll labelled UHILIRCHADEU.
  7074 | Ossuary  | 7074 ||| DRINKING 4 sedimented inky potions.
  7075 | Ossuary  | 7075 ||| DRINKING 4 white potions.
  7076 | Ossuary  | 7076 ||| READING 4 scrolls of identify.
  7076 | Ossuary  | 7076 ||| IDENTIFYING black potion
  7077 | Ossuary  | 7077 ||| READING 3 scrolls of identify.
  7077 | Ossuary  | 7077 ||| IDENTIFYING red potion
  7078 | Ossuary  | 7078 ||| READING 2 scrolls of identify.
  7078 | Ossuary  | 7078 ||| IDENTIFYING emerald potion
  7079 | Ossuary  | 7079 ||| DROPPING potion of invisibility.
  7080 | Ossuary  | 7080 ||| DROPPING potion of berserk rage.
  7085 | D:5      | 7085 ||| PLANNING D:1-11
  7287 | D:5      | Reached skill level 9 in Axes
  7287 | D:5      | Reached XP level 9. HP: 50/55 MP: 9/9
  7318 | D:5      | Found an ornate altar of the Wu Jian Council.
  7324 | D:5      | Found a basalt altar of Yredelemnul.
  7327 | D:5      | Found a hide-covered altar of Uskayaw.
  7327 | D:5      | Found a bloodstained altar of Trog.
  7338 | D:5      | Found a glowing silver altar of Zin.
  7439 | D:5      | Noticed Dowan
  7440 | D:5      | Noticed Duvessa
  7450 | D:5      | Killed Duvessa
  7451 | D:5      | 7451 ||| Stepping ~*~*~tactically~*~*~ (hiding).
  7452 | D:5      | 7452 ||| Stepping ~*~*~tactically~*~*~ (hiding).
  7460 | D:5      | Killed Dowan
  7732 | D:5      | 7732 ||| UPGRADING to amulet of regeneration.
  7737 | D:5      | 7737 ||| READING scroll labelled BASAFUXTEA.
  7737 | D:5      | Identified a scroll of acquirement
  7737 | D:5      | 7737 ||| ACQUIRING +0 pair of gloves of Kleptomania {Str+4}
  7737 | D:5      | Acquired the +0 pair of gloves of Kleptomania {Str+4}
  7739 | D:5      | 7739 ||| UPGRADING to +0 pair of gloves of Kleptomania
                  | {Str+4}.
  7749 | D:5      | 7749 ||| DROPPING +1 pair of gloves.
  7750 | D:5      | 7750 ||| READING 2 scrolls of identify.
  7750 | D:5      | 7750 ||| IDENTIFYING golden potion
  7751 | D:5      | 7751 ||| DROPPING potion of degeneration.
  7967 | D:6      | Identified a ring of Ru's Whim {Wiz rElec rF+ Dex+7 Slay-6}
  7981 | D:6      | 7981 ||| Stepping ~*~*~tactically~*~*~ (hiding).
  8202 | D:6      | 8202 ||| FLEEEEING.
  8203 | D:6      | 8203 ||| FLEEEEING.
  8204 | D:6      | 8204 ||| FLEEEEING.
  8205 | D:6      | 8205 ||| FLEEEEING.
  8206 | D:6      | 8206 ||| FLEEEEING.
  8207 | D:6      | 8207 ||| FLEEEEING.
  8208 | D:6      | 8208 ||| FLEEEEING.
  8209 | D:6      | 8209 ||| FLEEEEING.
  8243 | D:6      | 8243 ||| Stepping ~*~*~tactically~*~*~ (stealth).
  8263 | D:6      | 8263 ||| READING scroll of enchant weapon.
  8263 | D:6      | 8263 ||| ENCHANTING +1 war axe.
  8286 | D:6      | Reached skill level 5 in Armour
  8355 | D:6      | Found a shimmering blue altar of Sif Muna.
  8369 | D:6      | Reached XP level 10. HP: 64/64 MP: 10/10
  8380 | D:6      | 8380 ||| DRINKING 3 potions of curing.
  8380 | D:6      | 8380 ||| (to cure confusion)
  8382 | D:6      | 8382 ||| DROPPING scarf of shadows.
  8383 | D:6      | 8383 ||| Stepping randomly (disturbance).
  8389 | D:6      | 8389 ||| READING 2 scrolls labelled VULLU SECVAA.
  8390 | D:6      | 8390 ||| Stepping randomly (disturbance).
  8396 | D:6      | 8396 ||| DROPPING scroll of poison.
  8397 | D:6      | 8397 ||| Stepping randomly (disturbance).
  8398 | D:6      | 8398 ||| Stepping randomly (disturbance).
  8400 | D:6      | 8400 ||| Stepping randomly (disturbance).
  8622 | D:7      | You fall into a shaft and drop 2 floors!
  8677 | D:9      | 8677 ||| READING scroll of enchant weapon.
  8677 | D:9      | 8677 ||| ENCHANTING +2 war axe.
  8743 | D:9      | 8743 ||| Stepping ~*~*~tactically~*~*~ (stealth).
  8744 | D:9      | 8744 ||| READING scroll labelled ATIUTR VULL.
  8745 | D:9      | 8745 ||| READING 2 scrolls of identify.
  8745 | D:9      | 8745 ||| IDENTIFYING pink potion
  8746 | D:9      | 8746 ||| DROPPING potion of brilliance.
  8748 | D:9      | 8748 ||| Stepping ~*~*~tactically~*~*~ (hiding).
  8774 | D:9      | 8774 ||| UPGRADING to +0 plate armour.
  8784 | D:9      | 8784 ||| DROPPING +0 chain mail.
  8843 | D:7      | 8843 ||| Stepping ~*~*~tactically~*~*~ (hiding).
  8966 | D:7      | Found a staircase to the Ecumenical Temple.
  8967 | D:7      | 8967 ||| PLANNING TEMPLE
  8967 | D:7      | 8967 ||| UPGRADING to ring of willpower.
  8976 | Temple   | Entered the Ecumenical Temple
  9018 | Temple   | 9018 ||| PLANNING OKAWARU WORSHIP
  9124 | Temple   | Became a worshipper of Warmaster Okawaru
  9124 | Temple   | 9124 ||| PLANNING D:1-11
  9159 | D:7      | 9159 ||| READING scroll of enchant weapon.
  9159 | D:7      | 9159 ||| ENCHANTING +3 war axe.
  9210 | D:7      | Found a snail-covered altar of Cheibriados.
  9227 | D:7      | 9227 ||| SWAPPING to +0 vampiric war axe.
  9396 | D:7      | 9396 ||| Stepping ~*~*~tactically~*~*~ (hiding).
  9458 | D:7      | Reached skill level 6 in Armour
  9720 | D:7      | 9720 ||| Stepping ~*~*~tactically~*~*~ (hiding).
  9721 | D:7      | 9721 ||| Stepping ~*~*~tactically~*~*~ (hiding).
  9898 | D:7      | 9898 ||| DROPPING +4 war axe.
  9987 | D:7      | Found Ydin's Armour Emporium.
  9993 | D:7      | 9993 ||| BUYING +0 cloak (49 gold).
  9993 | D:7      | Bought a +0 cloak for 49 gold pieces
  9993 | D:7      | 9993 ||| BUYING +0 helmet (49 gold).
  9993 | D:7      | Bought a +0 helmet for 49 gold pieces
  9993 | D:7      | 9993 ||| SHOPLISTING +2 plate armour of the Modern Teeth
                  | {rElec rN+ Will++} (717 gold, have 282).
 10246 | D:7      | 10246 ||| UPGRADING to +0 cloak.
 10251 | D:7      | 10251 ||| UPGRADING to +0 helmet.
 10273 | D:8      | Found Nuriqats's Antique Weapon Emporium.
 10277 | D:8      | Noticed Maurice
 10295 | D:8      | Killed Maurice
 10322 | D:8      | Reached skill level 7 in Armour
 10324 | D:8      | Reached * piety under Okawaru
 10326 | D:8      | 10326 ||| INVOKING Heroism.
 10332 | D:8      | Reached skill level 1 in Invocations
 10475 | D:8      | 10475 ||| Stepping ~*~*~tactically~*~*~ (hiding).
 10476 | D:8      | 10476 ||| Stepping ~*~*~tactically~*~*~ (hiding).
 10596 | D:8      | 10596 ||| READING scroll labelled YSUERHIARU.
 10620 | D:9      | 10620 ||| INVOKING Heroism.
 10624 | D:9      | Reached skill level 3 in Invocations
 10634 | D:9      | Reached skill level 8 in Armour
 10687 | D:9      | Noticed Psyche
 10689 | D:9      | 10689 ||| INVOKING Heroism.
 10723 | D:9      | 10723 ||| INVOKING Heroism.
 10762 | D:9      | Found a staircase to the Orcish Mines.
 10764 | D:9      | 10764 ||| INVOKING Heroism.
 10772 | D:9      | Reached XP level 11. HP: 69/69 MP: 11/14
 10801 | D:9      | 10801 ||| INVOKING Heroism.
 10815 | D:9      | Killed Psyche
 10816 | D:9      | Reached skill level 9 in Fighting
 10997 | D:9      | 10997 ||| Stepping ~*~*~tactically~*~*~ (stealth).
 11060 | D:9      | Noticed Joseph
 11061 | D:9      | 11061 ||| FLEEEEING.
 11064 | D:9      | 11064 ||| Stepping ~*~*~tactically~*~*~ (hiding).
 11064 | D:9      | Found Tagrotu's Fire Supplies.
 11075 | D:9      | 11075 ||| INVOKING Heroism.
 11076 | D:9      | Killed Joseph
 11076 | D:9      | Reached ** piety under Okawaru
 11104 | D:9      | 11104 ||| SHOPLISTING +0 fire dragon scales (660 gold, have
                  | 387).
 11104 | D:9      | 11104 ||| BUYING ring of protection from fire (275 gold).
 11104 | D:9      | Bought a ring of protection from fire for 275 gold pieces
 11104 | D:9      | 11104 ||| SHOPLISTING ring of protection from fire (275
                  | gold, have 112).
 11107 | D:9      | Noticed a two-headed ogre
 11108 | D:9      | 11108 ||| INVOKING Heroism.
 11119 | D:9      | Killed a two-headed ogre
 11207 | D:9      | 11207 ||| FLEEEEING.
 11208 | D:9      | 11208 ||| FLEEEEING.
 11209 | D:9      | 11209 ||| FLEEEEING.
 11210 | D:9      | 11210 ||| FLEEEEING.
 11211 | D:9      | 11211 ||| FLEEEEING.
 11216 | D:9      | 11216 ||| FLEEEEING.
 11217 | D:9      | 11217 ||| FLEEEEING.
 11218 | D:9      | 11218 ||| FLEEEEING.
 11219 | D:9      | 11219 ||| FLEEEEING.
 11220 | D:9      | 11220 ||| FLEEEEING.
 11221 | D:9      | 11221 ||| FLEEEEING.
 11222 | D:9      | 11222 ||| FLEEEEING.
 11223 | D:9      | 11223 ||| FLEEEEING.
 11224 | D:9      | 11224 ||| FLEEEEING.
 11231 | D:9      | 11231 ||| Stepping ~*~*~tactically~*~*~ (hiding).
 11232 | D:9      | 11232 ||| Stepping ~*~*~tactically~*~*~ (hiding).
 11432 | D:9      | 11432 ||| UPGRADING to ring of protection from cold.
 11433 | D:9      | 11433 ||| UPGRADING to ring of protection from fire.
 11435 | D:9      | 11435 ||| UPGRADING to ring of see invisible.
 11441 | D:10     | Entered Level 10 of the Dungeon
 11496 | D:10     | Noticed Sonja
 11520 | D:10     | 11520 ||| Stepping ~*~*~tactically~*~*~ (hiding).
 11521 | D:10     | 11521 ||| Stepping ~*~*~tactically~*~*~ (hiding).
 11531 | D:10     | Killed Sonja
 11549 | D:10     | 11549 ||| Stepping ~*~*~tactically~*~*~ (stealth).
 11550 | D:10     | 11550 ||| Stepping ~*~*~tactically~*~*~ (stealth).
 11551 | D:10     | 11551 ||| Stepping ~*~*~tactically~*~*~ (stealth).
 11566 | D:10     | 11566 ||| FLEEEEING.
 11567 | D:10     | 11567 ||| FLEEEEING.
 11568 | D:10     | 11568 ||| FLEEEEING.
 11784 | D:10     | Noticed a catoblepas
 11784 | D:10     | Noticed a two-headed ogre
 11785 | D:10     | 11785 ||| INVOKING Heroism.
 11797 | D:10     | Killed a catoblepas
 11798 | D:10     | Reached skill level 12 in Axes
 11800 | D:10     | Killed a two-headed ogre
 11800 | D:10     | Reached *** piety under Okawaru
 11868 | D:10     | Found a sparkling altar of Nemelex Xobeh.
 12026 | D:10     | 12026 ||| Stepping ~*~*~tactically~*~*~ (stealth).
 12037 | D:10     | Reached skill level 9 in Armour
 12050 | D:10     | Reached skill level 6 in Shields
 12096 | D:10     | 12096 ||| Stepping ~*~*~tactically~*~*~ (hiding).
 12249 | D:10     | Found a runed translucent gate.
 12249 | D:10     | Found a runed translucent gate.
 12249 | D:10     | Found a runed translucent gate.
 12249 | D:10     | Noticed qw's ghost (journeyman GrCA)
 12337 | D:10     | Found a staircase to the Lair.
 12442 | D:10     | 12442 ||| Stepping ~*~*~tactically~*~*~ (hiding).
 12443 | D:10     | 12443 ||| Stepping ~*~*~tactically~*~*~ (hiding).
 12445 | D:10     | 12445 ||| INVOKING Heroism.
 12487 | D:10     | Reached **** piety under Okawaru
 12704 | D:10     | 12704 ||| PLANNING LAIR
 12704 | D:10     | 12704 ||| DROPPING ring of Ru's Whim {Wiz rElec rF+ Dex+7
                  | Slay-6}.
 12705 | D:10     | 12705 ||| UPGRADING to +4 ring of protection.
 12707 | D:10     | 12707 ||| READING scroll labelled AGYUC AKHLITARO.
 12708 | D:10     | 12708 ||| READING scroll labelled LIL QIGOSETH.
 12709 | D:10     | 12709 ||| DRINKING 2 amethyst potions.
 12710 | D:10     | 12710 ||| READING 2 scrolls of identify.
 12710 | D:10     | 12710 ||| IDENTIFYING fizzy emerald potion
 12736 | Lair:1   | Entered Level 1 of the Lair of Beasts
 12780 | Lair:1   | 12780 ||| INVOKING Heroism.
 12803 | Lair:1   | 12803 ||| INVOKING Heroism.
 12810 | Lair:1   | Received a gift from Okawaru
 12811 | Lair:1   | Reached XP level 12. HP: 48/77 MP: 12/15
 12847 | Lair:1   | 12847 ||| INVOKING Heroism.
 12848 | Lair:1   | 12848 ||| Stepping ~*~*~tactically~*~*~ (stealth).
 12873 | Lair:1   | 12873 ||| INVOKING Heroism.
 13101 | Lair:1   | 13101 ||| INVOKING Heroism.
 13167 | Lair:1   | 13167 ||| Stepping ~*~*~tactically~*~*~ (stealth).
 13185 | Lair:1   | 13185 ||| INVOKING Heroism.
 13529 | Lair:1   | 13529 ||| UPGRADING to +0 kite shield.
 13539 | Lair:1   | 13539 ||| DROPPING +0 buckler.
 13540 | Lair:1   | 13540 ||| READING scroll labelled ESOFUYCEDGH.
 13641 | Lair:1   | 13641 ||| READING 2 scrolls of identify.
 13641 | Lair:1   | 13641 ||| IDENTIFYING glowing dark potion
 13734 | Lair:2   | 13734 ||| Stepping ~*~*~tactically~*~*~ (stealth).
 13746 | Lair:2   | 13746 ||| Stepping ~*~*~tactically~*~*~ (stealth).
 13959 | Lair:2   | Reached skill level 6 in Invocations
 14009 | Lair:2   | Found a staircase to the Swamp.
 14009 | Lair:2   | Noticed a ghost crab
 14026 | Lair:2   | 14026 ||| INVOKING Heroism.
 14029 | Lair:2   | Killed a ghost crab
 14032 | Lair:2   | 14032 ||| Stepping ~*~*~tactically~*~*~ (cloud).
 14774 | Lair:3   | Reached ***** piety under Okawaru
 14777 | Lair:3   | Found a staircase to the Snake Pit.
 14793 | Lair:3   | 14793 ||| Stepping ~*~*~tactically~*~*~ (stealth).
 14824 | Lair:3   | You fall into a shaft and drop 1 floor!
 14825 | Lair:4   | 14825 ||| INVOKING Heroism.
 14890 | Lair:4   | 14890 ||| INVOKING Heroism.
 14920 | Lair:4   | Reached skill level 9 in Shields
 14920 | Lair:4   | Reached XP level 13. HP: 82/82 MP: 19/19
 14924 | Lair:4   | Received a gift from Okawaru
 15055 | Lair:3   | Reached skill level 9 in Invocations
 15071 | Lair:3   | 15071 ||| INVOKING Heroism.
 15107 | Lair:3   | 15107 ||| INVOKING Finesse.
 15166 | Lair:3   | 15166 ||| Stepping ~*~*~tactically~*~*~ (stealth).
 15168 | Lair:3   | 15168 ||| Stepping ~*~*~tactically~*~*~ (stealth).
 15178 | Lair:3   | 15178 ||| Stepping ~*~*~tactically~*~*~ (stealth).
 15179 | Lair:3   | 15179 ||| Stepping ~*~*~tactically~*~*~ (stealth).
 15399 | Lair:3   | 15399 ||| READING 3 scrolls of identify.
 15399 | Lair:3   | 15399 ||| IDENTIFYING dark potion
 15400 | Lair:3   | 15400 ||| DROPPING potion of flight.
 15567 | Lair:4   | 15567 ||| INVOKING Heroism.
 15578 | Lair:4   | Received a gift from Okawaru
 15679 | Lair:4   | Found a staircase to the Slime Pits.
 15679 | Lair:4   | Found a viscous altar of Jiyva.
 16096 | Lair:5   | Entered Level 5 of the Lair of Beasts
 16123 | Lair:5   | 16123 ||| Stepping ~*~*~tactically~*~*~ (stealth).
 16126 | Lair:5   | 16126 ||| INVOKING Heroism.
 16127 | Lair:5   | 16127 ||| Stepping ~*~*~tactically~*~*~ (stealth).
 16128 | Lair:5   | 16128 ||| INVOKING Finesse.
 16171 | Lair:5   | Received a gift from Okawaru
 16197 | Lair:5   | 16197 ||| Stepping ~*~*~tactically~*~*~ (water).
 16204 | Lair:5   | Identified the +4 tower shield of Pride {rN+} (Okawaru
                  | gifted it to you on level 5 of the Lair of Beasts)
 16204 | Lair:5   | Received a gift from Okawaru
 16205 | Lair:5   | Reached skill level 10 in Armour
 16208 | Lair:5   | 16208 ||| INVOKING Finesse.
 16222 | Lair:5   | 16222 ||| INVOKING Heroism.
 16408 | Lair:5   | 16408 ||| Stepping ~*~*~tactically~*~*~ (stealth).
 16409 | Lair:5   | 16409 ||| Stepping ~*~*~tactically~*~*~ (stealth).
 16473 | Lair:5   | 16473 ||| INVOKING Heroism.
 16550 | Lair:5   | 16550 ||| Stepping ~*~*~tactically~*~*~ (stealth).
 16555 | Lair:5   | 16555 ||| INVOKING Heroism.
 16568 | Lair:5   | 16568 ||| INVOKING Heroism.
 16638 | Lair:5   | Noticed a dire elephant
 16638 | Lair:5   | Noticed a dire elephant
 16638 | Lair:5   | Noticed a dire elephant
 16659 | Lair:5   | 16659 ||| INVOKING Heroism.
 16780 | Lair:5   | Gained mutation: Your large and strong wings let you fly.
                  | [Gargoyle growth]
 16780 | Lair:5   | Reached XP level 14. HP: 79/88 MP: 21/21
 16794 | Lair:5   | 16794 ||| Stepping ~*~*~tactically~*~*~ (stealth).
 16840 | Lair:5   | 16840 ||| INVOKING Heroism.
 16963 | Lair:5   | 16963 ||| Stepping ~*~*~tactically~*~*~ (stealth).
 16965 | Lair:5   | 16965 ||| Stepping ~*~*~tactically~*~*~ (stealth).
 16968 | Lair:5   | 16968 ||| INVOKING Heroism.
 17002 | Lair:5   | Reached skill level 12 in Shields
 17081 | Lair:5   | 17081 ||| INVOKING Heroism.
 17133 | Lair:5   | 17133 ||| DRINKING 3 potions of cancellation.
 17144 | Lair:5   | 17144 ||| INVOKING Heroism.
 17163 | Lair:5   | 17163 ||| READING 10 scrolls of teleportation.
 17244 | Lair:5   | 17244 ||| Stepping ~*~*~tactically~*~*~ (cloud).
 17296 | Lair:5   | HP: 11/90 [soul eater[an obsidian statue] (13)]
 17297 | Lair:5   | 17297 ||| READING 9 scrolls of teleportation.
 17298 | Lair:5   | 17298 ||| DRINKING 5 potions of heal wounds.
 17301 | Lair:5   | HP: 17/90 [soul eater[an obsidian statue] (15)]
 17302 | Lair:5   | 17302 ||| DRINKING 4 potions of heal wounds.
 17303 | Lair:5   | 17303 ||| INVOKING Heroism.
 17409 | Lair:5   | 17409 ||| Stepping ~*~*~tactically~*~*~ (stealth).
 17447 | Lair:5   | 17447 ||| FLEEEEING.
 17448 | Lair:5   | 17448 ||| FLEEEEING.
 17449 | Lair:5   | 17449 ||| FLEEEEING.
 17450 | Lair:5   | 17450 ||| FLEEEEING.
 17451 | Lair:5   | 17451 ||| FLEEEEING.
 17452 | Lair:5   | 17452 ||| FLEEEEING.
 17453 | Lair:5   | 17453 ||| FLEEEEING.
 17454 | Lair:5   | 17454 ||| FLEEEEING.
 17455 | Lair:5   | 17455 ||| FLEEEEING.
 17456 | Lair:5   | 17456 ||| FLEEEEING.
 17457 | Lair:5   | 17457 ||| FLEEEEING.
 17531 | Lair:5   | Identified the +2 scale mail "Kepn" {rC- Dex+4 Slay+2}
 17589 | Lair:5   | 17589 ||| INVOKING Heroism.
 17621 | Lair:5   | Killed a dire elephant
 17639 | Lair:5   | HP: 18/90 [dire elephant (20)]
 17640 | Lair:5   | 17640 ||| READING 8 scrolls of teleportation.
 17641 | Lair:5   | 17641 ||| DRINKING 3 potions of heal wounds.
 17838 | Lair:5   | 17838 ||| INVOKING Heroism.
 17851 | Lair:5   | Killed a dire elephant
 17871 | Lair:5   | 17871 ||| INVOKING Heroism.
 17894 | Lair:5   | Killed a dire elephant
 17920 | Lair:5   | Identified the ring of Urok {AC+4 Dex+4}
 18003 | Lair:5   | 18003 ||| PLANNING D:1-11
 18003 | Lair:5   | 18003 ||| UPGRADING to +4 tower shield of Pride {rN+}.
 18013 | Lair:5   | 18013 ||| DROPPING +0 kite shield.
 18014 | Lair:5   | 18014 ||| UPGRADING to +0 pair of boots.
 18019 | Lair:5   | 18019 ||| DROPPING ring of willpower.
 18020 | Lair:5   | 18020 ||| UPGRADING to ring of Urok {AC+4 Dex+4}.
 18022 | Lair:5   | 18022 ||| DROPPING ring of see invisible.
 18420 | D:11     | 18420 ||| Stepping ~*~*~tactically~*~*~ (hiding).
 18421 | D:11     | 18421 ||| Stepping ~*~*~tactically~*~*~ (hiding).
 18550 | D:11     | 18550 ||| INVOKING Heroism.
 18667 | D:11     | 18667 ||| Stepping ~*~*~tactically~*~*~ (hiding).
 18779 | D:11     | 18779 ||| Stepping ~*~*~tactically~*~*~ (hiding).
 19323 | D:11     | 19323 ||| INVOKING Heroism.
 19366 | D:11     | 19366 ||| PLANNING D
 19882 | D:12     | 19882 ||| INVOKING Heroism.
 19884 | D:12     | 19884 ||| INVOKING Finesse.
 20130 | D:12     | 20130 ||| Invisibility monster not found???
 20144 | D:12     | 20144 ||| INVOKING Heroism.
 20184 | D:12     | 20184 ||| INVOKING Heroism.
 20344 | D:12     | 20344 ||| READING scroll of enchant weapon.
 20344 | D:12     | 20344 ||| ENCHANTING +0 vampiric war axe.
 20631 | D:13     | Received a gift from Okawaru
 20644 | D:13     | 20644 ||| Stepping ~*~*~tactically~*~*~ (hiding).
 20681 | D:13     | 20681 ||| Stepping ~*~*~tactically~*~*~ (hiding).
 20689 | D:13     | Reached XP level 15. HP: 94/94 MP: 22/22
 20702 | D:13     | 20702 ||| Stepping ~*~*~tactically~*~*~ (stealth).
 20704 | D:13     | 20704 ||| INVOKING Heroism.
 20728 | D:13     | Reached skill level 3 in Throwing
 20813 | D:13     | 20813 ||| INVOKING Heroism.
 20865 | D:13     | Reached skill level 3 in Dodging
 20881 | D:13     | 20881 ||| INVOKING Heroism.
 20895 | D:13     | Received a gift from Okawaru
 20946 | D:13     | 20946 ||| Stepping ~*~*~tactically~*~*~ (stealth).
 20965 | D:13     | 20965 ||| Stepping ~*~*~tactically~*~*~ (stealth).
 20966 | D:13     | 20966 ||| Stepping ~*~*~tactically~*~*~ (stealth).
 20968 | D:13     | 20968 ||| Stepping ~*~*~tactically~*~*~ (hiding).
 20969 | D:13     | 20969 ||| Stepping ~*~*~tactically~*~*~ (hiding).
 20977 | D:13     | 20977 ||| Stepping ~*~*~tactically~*~*~ (hiding).
 20997 | D:13     | Reached skill level 15 in Shields
 21004 | D:13     | 21004 ||| Stepping ~*~*~tactically~*~*~ (hiding).
 21240 | D:13     | 21240 ||| Stepping ~*~*~tactically~*~*~ (stealth).
 21241 | D:13     | 21241 ||| Stepping ~*~*~tactically~*~*~ (stealth).
 21253 | D:13     | 21253 ||| INVOKING Heroism.
 21304 | D:13     | 21304 ||| Stepping ~*~*~tactically~*~*~ (stealth).
 21337 | D:13     | 21337 ||| Stepping ~*~*~tactically~*~*~ (hiding).
 21650 | D:13     | 21650 ||| INVOKING Heroism.
 21796 | D:13     | 21796 ||| Stepping ~*~*~tactically~*~*~ (stealth).
 21811 | D:13     | 21811 ||| Stepping ~*~*~tactically~*~*~ (hiding).
 21812 | D:13     | 21812 ||| Stepping ~*~*~tactically~*~*~ (hiding).
 21953 | D:13     | 21953 ||| Stepping ~*~*~tactically~*~*~ (hiding).
 22333 | D:14     | 22333 ||| INVOKING Heroism.
 22619 | D:14     | 22619 ||| Stepping ~*~*~tactically~*~*~ (hiding).
 22639 | D:14     | 22639 ||| INVOKING Heroism.
 22652 | D:14     | Reached skill level 11 in Armour
 22687 | D:14     | Received a gift from Okawaru
 22720 | D:14     | 22720 ||| DROPPING +0 broad axe.
 22721 | D:14     | 22721 ||| Stepping ~*~*~tactically~*~*~ (hiding).
 22891 | D:14     | 22891 ||| Stepping ~*~*~tactically~*~*~ (stealth).
 22968 | D:14     | 22968 ||| Stepping ~*~*~tactically~*~*~ (hiding).
 22993 | D:14     | 22993 ||| FLEEEEING.
 22997 | D:14     | 22997 ||| Stepping ~*~*~tactically~*~*~ (hiding).
 22999 | D:14     | 22999 ||| Stepping ~*~*~tactically~*~*~ (hiding).
 23001 | D:14     | 23001 ||| INVOKING Heroism.
 23002 | D:14     | 23002 ||| INVOKING Finesse.
 23010 | D:14     | Reached skill level 15 in Axes
 23227 | D:14     | Found a gate to the Vaults.
 23299 | D:15     | Entered Level 15 of the Dungeon
 23333 | D:15     | 23333 ||| Stepping ~*~*~tactically~*~*~ (hiding).
 23337 | D:15     | 23337 ||| INVOKING Heroism.
 23339 | D:15     | Received a gift from Okawaru
 23359 | D:15     | Paralysed by something for 4 turns
 23382 | D:15     | Paralysed by something for 2 turns
 23401 | D:15     | 23401 ||| INVOKING Heroism.
 23459 | D:15     | 23459 ||| Stepping ~*~*~tactically~*~*~ (hiding).
 23463 | D:15     | 23463 ||| INVOKING Heroism.
 23477 | D:15     | 23477 ||| Stepping ~*~*~tactically~*~*~ (stealth).
 23523 | D:15     | Found a staircase to the Depths.
 23699 | D:15     | 23699 ||| INVOKING Heroism.
 23786 | D:15     | 23786 ||| INVOKING Heroism.
 23788 | D:15     | 23788 ||| INVOKING Finesse.
 23793 | D:15     | 23793 ||| SWAPPING to +0 morningstar of venom.
 23799 | D:15     | 23799 ||| SWAPPING to +1 vampiric war axe.
 24057 | D:15     | 24057 ||| Stepping ~*~*~tactically~*~*~ (hiding).
 24059 | D:15     | 24059 ||| Stepping ~*~*~tactically~*~*~ (hiding).
 24062 | D:15     | 24062 ||| INVOKING Heroism.
 24077 | D:15     | Reached skill level 12 in Fighting
 24134 | D:15     | 24134 ||| READING scroll of enchant armour.
 24134 | D:15     | 24134 ||| ENCHANTING +0 helmet.
 24173 | D:15     | 24173 ||| Stepping ~*~*~tactically~*~*~ (stealth).
 24176 | D:15     | 24176 ||| Stepping ~*~*~tactically~*~*~ (stealth).
 24390 | D:15     | 24390 ||| INVOKING Heroism.
 24397 | D:15     | Reached XP level 16. HP: 101/101 MP: 21/23
 24541 | D:15     | 24541 ||| PLANNING ORC
 24541 | D:15     | 24541 ||| DROPPING ring of fire.
 24702 | Orc:1    | Entered Level 1 of the Orcish Mines
 24782 | Orc:2    | Entered Level 2 of the Orcish Mines
 24804 | Orc:2    | 24804 ||| INVOKING Heroism.
 24879 | Orc:1    | Found Gepou's Jewellery Emporium.
 24929 | Orc:1    | 24929 ||| BUYING amulet of Wu Jian's Inspiration {Reflect
                  | Harm Str+4 Dex+2 Slay-2 SH+5} (535 gold).
 24929 | Orc:1    | Bought the amulet of Wu Jian's Inspiration {Reflect Harm
                  | Str+4 Dex+2 Slay-2 SH+5} for 535 gold pieces
 24973 | Orc:2    | Found Jorgh's Antique Armour Boutique.
 25041 | Orc:1    | 25041 ||| Stepping ~*~*~tactically~*~*~ (stealth).
 25321 | Orc:2    | 25321 ||| Stepping ~*~*~tactically~*~*~ (stealth).
 25322 | Orc:2    | 25322 ||| Stepping ~*~*~tactically~*~*~ (stealth).
 25336 | Orc:2    | 25336 ||| INVOKING Heroism.
 25394 | Orc:2    | 25394 ||| INVOKING Heroism.
 25396 | Orc:2    | 25396 ||| Stepping ~*~*~tactically~*~*~ (stealth).
 25422 | Orc:2    | Found Yvas's Antique Weapon Emporium.
 25484 | Orc:2    | 25484 ||| INVOKING Heroism.
 25506 | Orc:2    | Found a staircase to the Elven Halls.
 25534 | Orc:2    | 25534 ||| INVOKING Heroism.
 25558 | Orc:2    | Found Paveikagh's General Store.
 25583 | Orc:2    | 25583 ||| BUYING potion of attraction (45 gold).
 25583 | Orc:2    | Bought a potion of attraction for 45 gold pieces
 25583 | Orc:2    | 25583 ||| BUYING potion of curing (45 gold).
 25583 | Orc:2    | Bought a potion of curing for 45 gold pieces
 25690 | Orc:2    | 25690 ||| BUYING shiny helmet (210 gold).
 25690 | Orc:2    | Bought a shiny helmet for 210 gold pieces
 25815 | Orc:2    | 25815 ||| INVOKING Heroism.
 25847 | Orc:2    | Found Anujiom's Jewellery Emporium.
 25856 | Orc:2    | 25856 ||| BUYING amulet of Vitality {RegenMP++ Regen++}
                  | (1500 gold).
 25856 | Orc:2    | Bought the amulet of Vitality {RegenMP++ Regen++} for 1500
                  | gold pieces
 25856 | Orc:2    | Found the amulet of Vitality {RegenMP++ Regen++}
 25856 | Orc:2    | 25856 ||| SHOPLISTING ring "Nekad" {rC+ Str+4 Dex+6} (876
                  | gold, have 263).
 25856 | Orc:2    | 25856 ||| SHOPLISTING ring "Tusch" {*Slow rPois rF+ Dex+6}
                  | (729 gold, have 263).
 25866 | Orc:2    | 25866 ||| Stepping ~*~*~tactically~*~*~ (stealth).
 25868 | Orc:2    | 25868 ||| Stepping ~*~*~tactically~*~*~ (hiding).
 26091 | Orc:2    | 26091 ||| PLANNING SNAKE:1-3
 26091 | Orc:2    | 26091 ||| DROPPING +1 helmet.
 26092 | Orc:2    | 26092 ||| DROPPING amulet of Wu Jian's Inspiration {Reflect
                  | Harm Str+4 Dex+2 Slay-2 SH+5}.
 26093 | Orc:2    | 26093 ||| UPGRADING to amulet of Vitality {RegenMP++
                  | Regen++}.
 26103 | Orc:2    | 26103 ||| DROPPING amulet of regeneration.
 26218 | Snake:1  | Entered Level 1 of the Snake Pit
 26252 | Snake:1  | Found a transporter.
 26290 | Snake:1  | Found a transporter.
 26294 | Snake:1  | Noticed a hellephant
 26297 | Snake:1  | Noticed Mesuenwa's ghost (adept DEHW)
 26389 | Snake:1  | 26389 ||| INVOKING Heroism.
 26479 | Snake:1  | 26479 ||| READING scroll of enchant armour.
 26479 | Snake:1  | 26479 ||| ENCHANTING +1 helmet.
 26489 | Snake:1  | 26489 ||| INVOKING Heroism.
 26672 | Snake:1  | 26672 ||| INVOKING Heroism.
 26799 | Snake:1  | Identified Roxanne's Vellum of the Tektite
 26799 | Snake:1  | Noticed Roxanne
 26800 | Snake:1  | 26800 ||| INVOKING Heroism.
 26820 | Snake:1  | Killed Roxanne
 26821 | Snake:1  | Reached skill level 12 in Armour
 26843 | Snake:1  | 26843 ||| INVOKING Heroism.
 26846 | Snake:1  | Noticed a nagaraja
 26876 | Snake:1  | Found a one-way gate to the infinite horrors of the Abyss.
 26891 | Snake:1  | Found a burning altar of Makhleb.
 27018 | Snake:1  | Noticed a tentacled starspawn
 27028 | Snake:1  | 27028 ||| UPGRADING to +5 ring of evasion.
 27030 | Snake:1  | 27030 ||| DROPPING +4 ring of protection.
 27057 | Snake:2  | Identified the ring of Xom's Entertainment {Ice rN+}
 27119 | Snake:2  | 27119 ||| Stepping ~*~*~tactically~*~*~ (stealth).
 27140 | Snake:2  | 27140 ||| Stepping ~*~*~tactically~*~*~ (stealth).
 27142 | Snake:2  | 27142 ||| Stepping ~*~*~tactically~*~*~ (hiding).
 27144 | Snake:2  | 27144 ||| Stepping ~*~*~tactically~*~*~ (stealth).
 27155 | Snake:2  | 27155 ||| INVOKING Heroism.
 27307 | Snake:2  | Noticed a nagaraja
 27308 | Snake:2  | 27308 ||| INVOKING Heroism.
 27333 | Snake:2  | Killed a nagaraja
 27413 | Snake:2  | Received a gift from Okawaru
 27423 | Snake:2  | 27423 ||| INVOKING Heroism.
 27456 | Snake:2  | 27456 ||| Stepping ~*~*~tactically~*~*~ (stealth).
 27553 | Snake:2  | Identified the +1 falchion of Pesoskys {freeze, rC+}
 27565 | Snake:2  | Found Jolutigh's General Store.
 27565 | Snake:2  | Found Efuomu's Book Shoppe.
 27567 | Snake:2  | Found Xoje's General Store.
 27569 | Snake:2  | Found Meown's Assorted Antiques.
 27574 | Snake:2  | 27574 ||| SHOPLISTING +1 plate armour of positive energy
                  | (512 gold, have 418).
 27574 | Snake:2  | 27574 ||| BUYING 2 potions of curing (96 gold).
 27574 | Snake:2  | Bought 2 potions of curing for 96 gold pieces
 27574 | Snake:2  | 27574 ||| BUYING scroll of identify (32 gold).
 27574 | Snake:2  | Bought a scroll of identify for 32 gold pieces
 27574 | Snake:2  | 27574 ||| BUYING scroll of identify (32 gold).
 27574 | Snake:2  | Bought a scroll of identify for 32 gold pieces
 27577 | Snake:2  | 27577 ||| SHOPLISTING -2 hat of the Alchemist {rElec rPois
                  | rF+ rC+ rN+ Will+ rMut rCorr} (755 gold, have 258).
 27583 | Snake:2  | 27583 ||| BUYING pair of embroidered boots (217 gold).
 27583 | Snake:2  | Bought a pair of embroidered boots for 217 gold pieces
 27583 | Snake:2  | 27583 ||| SHOPLISTING potion of lignification (87 gold,
                  | have 41).
 27583 | Snake:2  | 27583 ||| SHOPLISTING scroll of teleportation (87 gold,
                  | have 41).
 27711 | Snake:2  | 27711 ||| UPGRADING to +2 pair of boots.
 27721 | Snake:2  | 27721 ||| DROPPING +0 pair of boots.
 27722 | Snake:2  | 27722 ||| DROPPING ring of ice.
 27739 | Snake:3  | 27739 ||| INVOKING Heroism.
 27764 | Snake:3  | 27764 ||| INVOKING Heroism.
 27772 | Snake:3  | Reached XP level 17. HP: 108/108 MP: 24/24
 27773 | Snake:3  | 27773 ||| Stepping ~*~*~tactically~*~*~ (hiding).
 27776 | Snake:3  | 27776 ||| Stepping ~*~*~tactically~*~*~ (hiding).
 27782 | Snake:3  | Received a gift from Okawaru
 27824 | Snake:3  | 27824 ||| INVOKING Heroism.
 27951 | Snake:3  | Reached skill level 13 in Armour
 27958 | Snake:3  | 27958 ||| INVOKING Heroism.
 27980 | Snake:3  | Received a gift from Okawaru
 28218 | Snake:3  | 28218 ||| Stepping ~*~*~tactically~*~*~ (hiding).
 28344 | Snake:3  | Reached skill level 6 in Throwing
 28376 | Snake:3  | 28376 ||| Stepping ~*~*~tactically~*~*~ (hiding).
 28406 | Snake:3  | 28406 ||| Stepping ~*~*~tactically~*~*~ (stealth).
 28407 | Snake:3  | 28407 ||| Stepping ~*~*~tactically~*~*~ (stealth).
 28563 | Snake:3  | 28563 ||| Stepping ~*~*~tactically~*~*~ (hiding).
 28580 | Snake:3  | 28580 ||| Stepping ~*~*~tactically~*~*~ (hiding).
 28581 | Snake:3  | 28581 ||| Stepping ~*~*~tactically~*~*~ (hiding).
 28730 | Snake:3  | 28730 ||| Stepping ~*~*~tactically~*~*~ (hiding).
 28731 | Snake:3  | 28731 ||| Stepping ~*~*~tactically~*~*~ (hiding).
 28733 | Snake:3  | 28733 ||| Stepping ~*~*~tactically~*~*~ (hiding).
 28735 | Snake:3  | 28735 ||| Stepping ~*~*~tactically~*~*~ (hiding).
 28809 | Snake:3  | Found Hiadom's Tiny Tomes.
 29177 | Snake:3  | 29177 ||| PLANNING SWAMP:1-3
 29313 | Swamp:1  | Entered Level 1 of the Swamp
 29335 | Swamp:1  | 29335 ||| INVOKING Heroism.
 29338 | Swamp:1  | 29338 ||| SWAPPING to +0 morningstar of venom.
 29348 | Swamp:1  | 29348 ||| SWAPPING to +1 vampiric war axe.
 29383 | Swamp:1  | 29383 ||| Stepping ~*~*~tactically~*~*~ (hiding).
 29384 | Swamp:1  | 29384 ||| Stepping ~*~*~tactically~*~*~ (hiding).
 29429 | Swamp:1  | 29429 ||| Stepping ~*~*~tactically~*~*~ (hiding).
 29438 | Swamp:1  | 29438 ||| SWAPPING to +0 morningstar of venom.
 29445 | Swamp:1  | 29445 ||| SWAPPING to +1 vampiric war axe.
 29446 | Swamp:1  | 29446 ||| INVOKING Heroism.
 29456 | Swamp:1  | 29456 ||| Stepping ~*~*~tactically~*~*~ (cloud).
 29824 | Swamp:1  | 29824 ||| INVOKING Heroism.
 29832 | Swamp:1  | Received a gift from Okawaru
 30012 | Swamp:2  | Noticed a tentacled monstrosity
 30013 | Swamp:2  | 30013 ||| INVOKING Heroism.
 30028 | Swamp:2  | Killed a tentacled monstrosity
 30076 | Swamp:2  | Received a gift from Okawaru
 30107 | Swamp:2  | 30107 ||| INVOKING Heroism.
 30165 | Swamp:2  | 30165 ||| Stepping ~*~*~tactically~*~*~ (hiding).
 30166 | Swamp:2  | 30166 ||| Stepping ~*~*~tactically~*~*~ (hiding).
 30167 | Swamp:2  | 30167 ||| INVOKING Heroism.
 30176 | Swamp:2  | 30176 ||| SWAPPING to +0 morningstar of venom.
 30190 | Swamp:2  | 30190 ||| SWAPPING to +1 vampiric war axe.
 30193 | Swamp:2  | Received a gift from Okawaru
 30199 | Swamp:2  | Reached skill level 18 in Shields
 30256 | Swamp:2  | 30256 ||| INVOKING Heroism.
 30263 | Swamp:2  | 30263 ||| Stepping ~*~*~tactically~*~*~ (stealth).
 30273 | Swamp:2  | 30273 ||| Stepping ~*~*~tactically~*~*~ (stealth).
 30570 | Swamp:3  | 30570 ||| Stepping ~*~*~tactically~*~*~ (cloud).
 30641 | Swamp:3  | 30641 ||| READING scroll of enchant armour.
 30641 | Swamp:3  | 30641 ||| ENCHANTING +0 cloak.
 30761 | Swamp:3  | 30761 ||| Stepping ~*~*~tactically~*~*~ (hiding).
 30772 | Swamp:3  | 30772 ||| INVOKING Heroism.
 30801 | Swamp:3  | Received a gift from Okawaru
 31172 | Swamp:3  | 31172 ||| INVOKING Heroism.
 31204 | Swamp:3  | 31204 ||| PLANNING SNAKE:4
 31372 | Snake:4  | Entered Level 4 of the Snake Pit
 31386 | Snake:4  | 31386 ||| READING scroll of enchant armour.
 31386 | Snake:4  | 31386 ||| ENCHANTING +1 cloak.
 31399 | Snake:4  | Received a gift from Okawaru
 31435 | Snake:4  | 31435 ||| Stepping ~*~*~tactically~*~*~ (hiding).
 31497 | Snake:4  | 31497 ||| Stepping ~*~*~tactically~*~*~ (hiding).
 31584 | Snake:4  | 31584 ||| Stepping ~*~*~tactically~*~*~ (stealth).
 31584 | Snake:4  | Found a basalt altar of Yredelemnul.
 31586 | Snake:4  | 31586 ||| INVOKING Heroism.
 31604 | Snake:4  | Reached XP level 18. HP: 116/116 MP: 25/25
 31719 | Snake:4  | 31719 ||| DROPPING +0 morningstar of venom.
 31755 | Snake:4  | Found Ipsusiwuyt's Assorted Antiques.
 31770 | Snake:4  | 31770 ||| SHOPLISTING 2 potions of resistance (680 gold,
                  | have 400).
 31770 | Snake:4  | 31770 ||| BUYING potion of attraction (102 gold).
 31770 | Snake:4  | Bought a potion of attraction for 102 gold pieces
 31770 | Snake:4  | 31770 ||| BUYING scroll of enchant weapon (255 gold).
 31770 | Snake:4  | Bought a scroll of enchant weapon for 255 gold pieces
 31770 | Snake:4  | 31770 ||| SHOPLISTING shiny shadow dragon scales (2822
                  | gold, have 43).
 31770 | Snake:4  | 31770 ||| READING scroll of enchant weapon.
 31770 | Snake:4  | 31770 ||| ENCHANTING +1 vampiric war axe.
 31865 | Snake:4  | Found Meidureg's Antique Armour Emporium.
 31874 | Snake:4  | 31874 ||| SHOPLISTING bronze plate armour (840 gold, have
                  | 50).
 31875 | Snake:4  | 31875 ||| Stepping ~*~*~tactically~*~*~ (hiding).
 31876 | Snake:4  | 31876 ||| Stepping ~*~*~tactically~*~*~ (hiding).
 31877 | Snake:4  | 31877 ||| Stepping ~*~*~tactically~*~*~ (hiding).
 31879 | Snake:4  | 31879 ||| Stepping ~*~*~tactically~*~*~ (hiding).
 31880 | Snake:4  | 31880 ||| Stepping ~*~*~tactically~*~*~ (hiding).
 31881 | Snake:4  | 31881 ||| Stepping ~*~*~tactically~*~*~ (hiding).
 31883 | Snake:4  | 31883 ||| INVOKING Heroism.
 31886 | Snake:4  | 31886 ||| Stepping ~*~*~tactically~*~*~ (hiding).
 31888 | Snake:4  | 31888 ||| Stepping ~*~*~tactically~*~*~ (hiding).
 31889 | Snake:4  | 31889 ||| Stepping ~*~*~tactically~*~*~ (hiding).
 31890 | Snake:4  | 31890 ||| Stepping ~*~*~tactically~*~*~ (hiding).
 31909 | Snake:4  | Reached skill level 14 in Armour
 31947 | Snake:4  | 31947 ||| INVOKING Heroism.
 31991 | Snake:4  | 31991 ||| Stepping ~*~*~tactically~*~*~ (stealth).
 31994 | Snake:4  | 31994 ||| Stepping ~*~*~tactically~*~*~ (hiding).
 31995 | Snake:4  | 31995 ||| Stepping ~*~*~tactically~*~*~ (hiding).
 32001 | Snake:4  | 32001 ||| INVOKING Heroism.
 32019 | Snake:4  | Received a gift from Okawaru
 32022 | Snake:4  | Reached skill level 15 in Fighting
 32028 | Snake:4  | HP: 26/119 [nagaraja/+0 halberd (33)]
 32029 | Snake:4  | 32029 ||| READING 14 scrolls of teleportation.
 32029 | Snake:4  | HP: 12/119 [anaconda (7)]
 32030 | Snake:4  | 32030 ||| DRINKING 4 potions of heal wounds.
 32036 | Snake:4  | 32036 ||| FLEEEEING.
 32040 | Snake:4  | 32040 ||| Stepping ~*~*~tactically~*~*~ (stealth).
 32041 | Snake:4  | 32041 ||| INVOKING Heroism.
 32051 | Snake:4  | 32051 ||| Stepping ~*~*~tactically~*~*~ (hiding).
 32052 | Snake:4  | 32052 ||| Stepping ~*~*~tactically~*~*~ (hiding).
 32102 | Snake:4  | 32102 ||| Stepping ~*~*~tactically~*~*~ (stealth).
 32133 | Snake:4  | 32133 ||| Stepping ~*~*~tactically~*~*~ (hiding).
 32204 | Snake:4  | Received a gift from Okawaru
 32377 | Snake:4  | 32377 ||| INVOKING Heroism.
 32415 | Snake:4  | 32415 ||| INVOKING Heroism.
 32444 | Snake:4  | Received a gift from Okawaru
 32480 | Snake:4  | 32480 ||| INVOKING Heroism.
 32501 | Snake:4  | Reached skill level 15 in Armour
 32545 | Snake:4  | Got a serpentine rune of Zot
 32557 | Snake:4  | 32557 ||| PLANNING VAULTS:1-4
 32849 | Vaults:1 | Entered Level 1 of the Vaults
 32855 | Vaults:1 | 32855 ||| STAIRDANCE
 32974 | Vaults:1 | 32974 ||| Stepping ~*~*~tactically~*~*~ (hiding).
 32975 | Vaults:1 | 32975 ||| Stepping ~*~*~tactically~*~*~ (hiding).
 33048 | Vaults:1 | 33048 ||| Stepping ~*~*~tactically~*~*~ (hiding).
 33058 | Vaults:1 | 33058 ||| Stepping ~*~*~tactically~*~*~ (hiding).
 33076 | Vaults:1 | 33076 ||| Stepping ~*~*~tactically~*~*~ (stealth).
 33078 | Vaults:1 | 33078 ||| FLEEEEING.
 33082 | Vaults:1 | 33082 ||| FLEEEEING.
 33083 | Vaults:1 | 33083 ||| FLEEEEING.
 33086 | Vaults:1 | 33086 ||| FLEEEEING.
 33087 | Vaults:1 | 33087 ||| FLEEEEING.
 33088 | Vaults:1 | 33088 ||| FLEEEEING.
 33092 | Vaults:1 | 33092 ||| FLEEEEING.
 33093 | Vaults:1 | 33093 ||| FLEEEEING.
 33094 | Vaults:1 | 33094 ||| FLEEEEING.
 33095 | Vaults:1 | 33095 ||| FLEEEEING.
 33096 | Vaults:1 | 33096 ||| STAIRDANCE
 33301 | Vaults:1 | 33301 ||| STAIRDANCE
 33497 | Vaults:1 | 33497 ||| Stepping ~*~*~tactically~*~*~ (stealth).
 33506 | Vaults:1 | Noticed Nikola
 33507 | Vaults:1 | 33507 ||| Stepping ~*~*~tactically~*~*~ (stealth).
 33509 | Vaults:1 | 33509 ||| Stepping ~*~*~tactically~*~*~ (hiding).
 33512 | Vaults:1 | 33512 ||| Stepping ~*~*~tactically~*~*~ (hiding).
 33515 | Vaults:1 | 33515 ||| INVOKING Heroism.
 33516 | Vaults:1 | 33516 ||| INVOKING Finesse.
 33531 | Vaults:1 | Killed Nikola
 33538 | Vaults:1 | 33538 ||| Stepping ~*~*~tactically~*~*~ (stealth).
 33546 | Vaults:1 | 33546 ||| Stepping ~*~*~tactically~*~*~ (stealth).
 33584 | Vaults:1 | 33584 ||| Stepping ~*~*~tactically~*~*~ (hiding).
 33598 | Abyss:2  | Cast into level 2 of the Abyss (a wizard)
 33604 | Abyss:2  | Found a corrupted altar of Lugonu.
 33661 | Abyss:2  | 33661 ||| Stepping ~*~*~tactically~*~*~ (hiding).
 33662 | Abyss:2  | 33662 ||| Stepping ~*~*~tactically~*~*~ (hiding).
 33669 | Abyss:2  | 33669 ||| Stepping ~*~*~tactically~*~*~ (cloud).
 33675 | Abyss:2  | Paralysed by an apocalypse crab for 3 turns
 33689 | Abyss:2  | 33689 ||| Stepping ~*~*~tactically~*~*~ (stealth).
 33701 | Abyss:2  | 33701 ||| Stepping ~*~*~tactically~*~*~ (stealth).
 33721 | Abyss:2  | Gained mutation: Your body sometimes deteriorates upon
                  | taking damage. [a cacodemon]
 33727 | Abyss:2  | 33727 ||| DRINKING 13 potions of curing.
 33727 | Abyss:2  | 33727 ||| (to cure confusion)
 33775 | Abyss:2  | 33775 ||| Stepping ~*~*~tactically~*~*~ (hiding).
 33784 | Abyss:2  | 33784 ||| Stepping ~*~*~tactically~*~*~ (stealth).
 33794 | Abyss:2  | Gained mutation: Your body often deteriorates upon taking
                  | damage. [a neqoxec]
 33800 | Abyss:2  | Gained mutation: Your magical capacity is low. (-10% MP) [a
                  | neqoxec]
 33805 | Abyss:2  | Gained mutation: You are clumsy. (Dex -2) [a neqoxec]
 33807 | Abyss:2  | 33807 ||| DRINKING potion of mutation.
 33807 | Abyss:2  | Lost mutation: Your body often deteriorates upon taking
                  | damage. [potion of mutation]
 33807 | Abyss:2  | Lost mutation: You are clumsy. (Dex -2) [potion of
                  | mutation]
 33807 | Abyss:2  | Gained mutation: You expend magic power (3 MP) to
                  | strengthen your wands. [potion of mutation]
 33807 | Abyss:2  | Gained mutation: Your flesh is cold resistant. (rC+)
                  | [potion of mutation]
 33813 | Abyss:2  | Noticed a bone dragon
 33852 | Abyss:2  | Killed a bone dragon
 33874 | Abyss:2  | 33874 ||| Stepping ~*~*~tactically~*~*~ (stealth).
 33877 | Abyss:2  | 33877 ||| Stepping ~*~*~tactically~*~*~ (stealth).
 33879 | Abyss:2  | 33879 ||| INVOKING Heroism.
 33882 | Abyss:2  | 33882 ||| Stepping ~*~*~tactically~*~*~ (hiding).
 33913 | Abyss:2  | 33913 ||| Stepping ~*~*~tactically~*~*~ (stealth).
 33915 | Abyss:2  | 33915 ||| DRINKING 12 potions of curing.
 33915 | Abyss:2  | 33915 ||| (to cure confusion)
 33916 | Abyss:2  | 33916 ||| DRINKING 11 potions of curing.
 33916 | Abyss:2  | 33916 ||| (to cure confusion)
 33927 | Abyss:2  | Paralysed by you for 5 turns
 33955 | Abyss:2  | 33955 ||| Stepping ~*~*~tactically~*~*~ (stealth).
 33956 | Abyss:2  | 33956 ||| Stepping ~*~*~tactically~*~*~ (stealth).
 33971 | Abyss:2  | 33971 ||| Stepping ~*~*~tactically~*~*~ (hiding).
 33976 | Abyss:2  | 33976 ||| Stepping ~*~*~tactically~*~*~ (stealth).
 33989 | Abyss:2  | Noticed a lich
 33990 | Abyss:2  | 33990 ||| Stepping ~*~*~tactically~*~*~ (stealth).
 33992 | Abyss:2  | 33992 ||| Stepping ~*~*~tactically~*~*~ (hiding).
 33998 | Abyss:2  | 33998 ||| Stepping ~*~*~tactically~*~*~ (stealth).
 34017 | Abyss:2  | 34017 ||| INVOKING Heroism.
 34030 | Vaults:1 | Escaped the Abyss
 34033 | Vaults:1 | 34033 ||| Stepping ~*~*~tactically~*~*~ (hiding).
 34036 | Vaults:1 | Killed a lich
 34042 | Vaults:1 | 34042 ||| INVOKING Heroism.
 34067 | Vaults:1 | Reached XP level 19. HP: 124/125 MP: 23/23
 34083 | Vaults:1 | Noticed a tentacled monstrosity
 34084 | Vaults:1 | 34084 ||| INVOKING Heroism.
 34104 | Vaults:1 | Killed a tentacled monstrosity
 34104 | Vaults:1 | Received a gift from Okawaru
 34110 | Vaults:1 | 34110 ||| DRINKING 10 potions of curing.
 34110 | Vaults:1 | 34110 ||| (to cure confusion)
 34357 | Vaults:1 | 34357 ||| Stepping ~*~*~tactically~*~*~ (hiding).
 34516 | Vaults:1 | 34516 ||| Stepping ~*~*~tactically~*~*~ (hiding).
 34575 | Vaults:1 | 34575 ||| Stepping ~*~*~tactically~*~*~ (hiding).
 34948 | Vaults:1 | 34948 ||| Stepping ~*~*~tactically~*~*~ (hiding).
 34965 | Vaults:1 | Reached skill level 16 in Armour
 35104 | Vaults:1 | Noticed Aizul
 35105 | Vaults:1 | 35105 ||| Stepping ~*~*~tactically~*~*~ (hiding).
 35106 | Vaults:1 | 35106 ||| Stepping ~*~*~tactically~*~*~ (hiding).
 35107 | Vaults:1 | 35107 ||| INVOKING Heroism.
 35140 | Vaults:1 | Killed Aizul
 35686 | Vaults:1 | Reached skill level 6 in Dodging
 35716 | Vaults:1 | 35716 ||| INVOKING Heroism.
 36254 | Vaults:2 | Received a gift from Okawaru
 36279 | Vaults:2 | Found a staircase to the Crypt.
 36411 | Vaults:2 | Noticed Mara
 36412 | Vaults:2 | 36412 ||| INVOKING Heroism.
 36415 | Vaults:2 | 36415 ||| Stepping ~*~*~tactically~*~*~ (hiding).
 36416 | Vaults:2 | 36416 ||| Stepping ~*~*~tactically~*~*~ (hiding).
 36417 | Vaults:2 | 36417 ||| Stepping ~*~*~tactically~*~*~ (hiding).
 36418 | Vaults:2 | 36418 ||| Stepping ~*~*~tactically~*~*~ (hiding).
 36419 | Vaults:2 | 36419 ||| Stepping ~*~*~tactically~*~*~ (hiding).
 36420 | Vaults:2 | 36420 ||| INVOKING Finesse.
 36426 | Vaults:2 | Noticed qw's illusion
 36441 | Vaults:2 | 36441 ||| INVOKING Heroism.
 36489 | Vaults:2 | Killed Mara
 36556 | Vaults:2 | Received a gift from Okawaru
 36574 | Vaults:2 | 36574 ||| FLEEEEING.
 36575 | Vaults:2 | 36575 ||| FLEEEEING.
 36576 | Vaults:2 | 36576 ||| FLEEEEING.
 36577 | Vaults:2 | 36577 ||| FLEEEEING.
 36578 | Vaults:2 | 36578 ||| FLEEEEING.
 36579 | Vaults:2 | 36579 ||| FLEEEEING.
 36580 | Vaults:2 | 36580 ||| FLEEEEING.
 36581 | Vaults:2 | 36581 ||| FLEEEEING.
 36582 | Vaults:2 | 36582 ||| FLEEEEING.
 36583 | Vaults:2 | 36583 ||| FLEEEEING.
 36584 | Vaults:2 | 36584 ||| FLEEEEING.
 36585 | Vaults:2 | 36585 ||| FLEEEEING.
 36586 | Vaults:2 | 36586 ||| FLEEEEING.
 36587 | Vaults:2 | 36587 ||| FLEEEEING.
 36588 | Vaults:2 | 36588 ||| FLEEEEING.
 36589 | Vaults:2 | 36589 ||| FLEEEEING.
 36590 | Vaults:2 | 36590 ||| FLEEEEING.
 36591 | Vaults:2 | 36591 ||| FLEEEEING.
 36592 | Vaults:2 | 36592 ||| FLEEEEING.
 36593 | Vaults:2 | 36593 ||| FLEEEEING.
 36594 | Vaults:2 | 36594 ||| FLEEEEING.
 36595 | Vaults:2 | 36595 ||| FLEEEEING.
 36596 | Vaults:2 | 36596 ||| FLEEEEING.
 36597 | Vaults:2 | 36597 ||| FLEEEEING.
 36631 | Vaults:2 | Reached skill level 9 in Throwing
 36647 | Vaults:2 | Received a gift from Okawaru
 37043 | Vaults:2 | Noticed Saint Roka
 37044 | Vaults:2 | 37044 ||| Stepping ~*~*~tactically~*~*~ (hiding).
 37057 | Vaults:2 | 37057 ||| INVOKING Heroism.
 37058 | Vaults:2 | 37058 ||| INVOKING Finesse.
 37096 | Vaults:2 | Killed Saint Roka
 37111 | Vaults:2 | Reached skill level 17 in Armour
 37163 | Vaults:2 | 37163 ||| FLEEEEING.
 37164 | Vaults:2 | 37164 ||| FLEEEEING.
 37165 | Vaults:2 | 37165 ||| FLEEEEING.
 37166 | Vaults:2 | 37166 ||| FLEEEEING.
 37167 | Vaults:2 | 37167 ||| FLEEEEING.
 37168 | Vaults:2 | 37168 ||| FLEEEEING.
 37169 | Vaults:2 | 37169 ||| FLEEEEING.
 37170 | Vaults:2 | 37170 ||| FLEEEEING.
 37171 | Vaults:2 | 37171 ||| FLEEEEING.
 37172 | Vaults:2 | 37172 ||| FLEEEEING.
 37173 | Vaults:2 | 37173 ||| FLEEEEING.
 37174 | Vaults:2 | 37174 ||| FLEEEEING.
 37175 | Vaults:2 | 37175 ||| FLEEEEING.
 37176 | Vaults:2 | 37176 ||| FLEEEEING.
 37177 | Vaults:2 | 37177 ||| FLEEEEING.
 37178 | Vaults:2 | 37178 ||| FLEEEEING.
 37179 | Vaults:2 | 37179 ||| FLEEEEING.
 37180 | Vaults:2 | 37180 ||| FLEEEEING.
 37181 | Vaults:2 | 37181 ||| FLEEEEING.
 37182 | Vaults:2 | 37182 ||| FLEEEEING.
 37183 | Vaults:2 | 37183 ||| FLEEEEING.
 37184 | Vaults:2 | 37184 ||| FLEEEEING.
 37185 | Vaults:2 | 37185 ||| FLEEEEING.
 37186 | Vaults:2 | 37186 ||| FLEEEEING.
 37187 | Vaults:2 | 37187 ||| FLEEEEING.
 37188 | Vaults:2 | 37188 ||| FLEEEEING.
 37189 | Vaults:2 | 37189 ||| FLEEEEING.
 37190 | Vaults:2 | 37190 ||| FLEEEEING.
 37191 | Vaults:2 | 37191 ||| FLEEEEING.
 37192 | Vaults:2 | 37192 ||| FLEEEEING.
 37198 | Vaults:2 | 37198 ||| FLEEEEING.
 37199 | Vaults:2 | 37199 ||| FLEEEEING.
 37200 | Vaults:2 | 37200 ||| FLEEEEING.
 37201 | Vaults:2 | 37201 ||| FLEEEEING.
 37202 | Vaults:2 | 37202 ||| FLEEEEING.
 37203 | Vaults:2 | 37203 ||| FLEEEEING.
 37204 | Vaults:2 | 37204 ||| FLEEEEING.
 37205 | Vaults:2 | 37205 ||| FLEEEEING.
 37206 | Vaults:2 | 37206 ||| FLEEEEING.
 37209 | Vaults:2 | 37209 ||| FLEEEEING.
 37210 | Vaults:2 | 37210 ||| FLEEEEING.
 37211 | Vaults:2 | 37211 ||| FLEEEEING.
 37212 | Vaults:2 | 37212 ||| FLEEEEING.
 37213 | Vaults:2 | 37213 ||| FLEEEEING.
 37214 | Vaults:2 | 37214 ||| FLEEEEING.
 37221 | Vaults:2 | 37221 ||| FLEEEEING.
 37222 | Vaults:2 | 37222 ||| FLEEEEING.
 37223 | Vaults:2 | 37223 ||| FLEEEEING.
 37224 | Vaults:2 | 37224 ||| FLEEEEING.
 37225 | Vaults:2 | 37225 ||| FLEEEEING.
 37226 | Vaults:2 | 37226 ||| FLEEEEING.
 37227 | Vaults:2 | 37227 ||| FLEEEEING.
 37228 | Vaults:2 | 37228 ||| FLEEEEING.
 37229 | Vaults:2 | 37229 ||| FLEEEEING.
 37230 | Vaults:2 | 37230 ||| FLEEEEING.
 37231 | Vaults:2 | 37231 ||| FLEEEEING.
 37232 | Vaults:2 | 37232 ||| FLEEEEING.
 37233 | Vaults:2 | 37233 ||| FLEEEEING.
 37234 | Vaults:2 | 37234 ||| FLEEEEING.
 37235 | Vaults:2 | 37235 ||| FLEEEEING.
 37236 | Vaults:2 | 37236 ||| FLEEEEING.
 37237 | Vaults:2 | 37237 ||| FLEEEEING.
 37238 | Vaults:2 | 37238 ||| FLEEEEING.
 37239 | Vaults:2 | 37239 ||| FLEEEEING.
 37240 | Vaults:2 | 37240 ||| FLEEEEING.
 37241 | Vaults:2 | 37241 ||| FLEEEEING.
 37242 | Vaults:2 | 37242 ||| FLEEEEING.
 37243 | Vaults:2 | 37243 ||| FLEEEEING.
 37244 | Vaults:2 | 37244 ||| FLEEEEING.
 37514 | Vaults:2 | 37514 ||| Stepping ~*~*~tactically~*~*~ (hiding).
 37528 | Vaults:2 | 37528 ||| Stepping ~*~*~tactically~*~*~ (stealth).
 37529 | Vaults:2 | 37529 ||| Stepping ~*~*~tactically~*~*~ (stealth).
 37575 | Vaults:2 | 37575 ||| DROPPING +3 broad axe.
 37617 | Vaults:2 | Noticed Donald
 37618 | Vaults:2 | 37618 ||| INVOKING Heroism.
 37619 | Vaults:2 | 37619 ||| INVOKING Finesse.
 37638 | Vaults:2 | Killed Donald
 37912 | Vaults:2 | 37912 ||| Stepping ~*~*~tactically~*~*~ (stealth).
 37959 | Vaults:2 | Reached XP level 20. HP: 134/134 MP: 24/24
 38117 | Vaults:2 | 38117 ||| INVOKING Heroism.
 38123 | Vaults:2 | Received a gift from Okawaru
 38273 | Vaults:2 | 38273 ||| Stepping ~*~*~tactically~*~*~ (hiding).
 38496 | Vaults:2 | Found Viedomor's Armour Shoppe.
 38499 | Vaults:2 | 38499 ||| SHOPLISTING scarf of resistance (352 gold, have
                  | 337).
 38553 | Vaults:2 | 38553 ||| UPGRADING to +0 crystal plate armour.
 38563 | Vaults:2 | 38563 ||| DROPPING +0 plate armour.
 38564 | Vaults:2 | 38564 ||| DROPPING +0 chain mail of cold resistance.
 38565 | Vaults:2 | 38565 ||| DROPPING +0 chain mail of fire resistance.
 38621 | Vaults:3 | Identified the +9 great mace of Ancient Evil {freeze,
                  | Dex+3}
 38668 | Vaults:3 | 38668 ||| INVOKING Heroism.
 38670 | Vaults:3 | Received a gift from Okawaru
 38945 | Vaults:3 | 38945 ||| Stepping ~*~*~tactically~*~*~ (hiding).
 38965 | Vaults:3 | 38965 ||| FLEEEEING.
 38966 | Vaults:3 | 38966 ||| FLEEEEING.
 38967 | Vaults:3 | 38967 ||| FLEEEEING.
 38968 | Vaults:3 | 38968 ||| FLEEEEING.
 38969 | Vaults:3 | 38969 ||| FLEEEEING.
 39172 | Vaults:3 | Found Vuesituse's Magic Scroll Shoppe.
 39190 | Vaults:3 | 39190 ||| DRINKING 11 potions of curing.
 39190 | Vaults:3 | 39190 ||| (to cure confusion)
 39195 | Vaults:3 | 39195 ||| BUYING 2 scrolls of enchant weapon (270 gold).
 39195 | Vaults:3 | Bought 2 scrolls of enchant weapon for 270 gold pieces
 39195 | Vaults:3 | 39195 ||| SHOPLISTING scroll of brand weapon (171 gold,
                  | have 82).
 39195 | Vaults:3 | 39195 ||| BUYING scroll of teleportation (54 gold).
 39195 | Vaults:3 | Bought a scroll of teleportation for 54 gold pieces
 39195 | Vaults:3 | 39195 ||| READING 2 scrolls of enchant weapon.
 39195 | Vaults:3 | 39195 ||| ENCHANTING +2 vampiric war axe.
 39196 | Vaults:3 | 39196 ||| READING scroll of enchant weapon.
 39196 | Vaults:3 | 39196 ||| ENCHANTING +3 vampiric war axe.
 39318 | Vaults:3 | 39318 ||| Stepping ~*~*~tactically~*~*~ (hiding).
 39320 | Vaults:3 | 39320 ||| Stepping ~*~*~tactically~*~*~ (hiding).
 39324 | Vaults:3 | Found a transporter.
 39329 | Vaults:3 | Reached skill level 18 in Armour
 39481 | Vaults:3 | Found a transporter.
 39481 | Vaults:3 | Noticed Zotwa's ghost (adept GnSk)
 39598 | Vaults:3 | Received a gift from Okawaru
 39720 | Vaults:3 | Received a gift from Okawaru
 39743 | Vaults:3 | 39743 ||| INVOKING Heroism.
 39754 | Vaults:3 | 39754 ||| DRINKING 10 potions of curing.
 39754 | Vaults:3 | 39754 ||| (to cure confusion)
 39795 | Vaults:3 | 39795 ||| Stepping ~*~*~tactically~*~*~ (stealth).
 39797 | Vaults:3 | 39797 ||| Stepping ~*~*~tactically~*~*~ (hiding).
 39877 | Vaults:3 | 39877 ||| Stepping ~*~*~tactically~*~*~ (stealth).
 39879 | Vaults:3 | 39879 ||| FLEEEEING.
 39880 | Vaults:3 | 39880 ||| FLEEEEING.
 39881 | Vaults:3 | 39881 ||| FLEEEEING.
 39882 | Vaults:3 | 39882 ||| FLEEEEING.
 39883 | Vaults:3 | 39883 ||| FLEEEEING.
 39885 | Vaults:3 | 39885 ||| FLEEEEING.
 39886 | Vaults:3 | 39886 ||| FLEEEEING.
 39887 | Vaults:3 | 39887 ||| FLEEEEING.
 39888 | Vaults:3 | 39888 ||| FLEEEEING.
 39889 | Vaults:3 | 39889 ||| FLEEEEING.
 39890 | Vaults:3 | 39890 ||| FLEEEEING.
 39891 | Vaults:3 | 39891 ||| FLEEEEING.
 39892 | Vaults:3 | 39892 ||| FLEEEEING.
 40198 | Vaults:3 | Reached skill level 19 in Armour
 40351 | Vaults:3 | 40351 ||| Stepping ~*~*~tactically~*~*~ (stealth).
 40390 | Vaults:3 | 40390 ||| READING scroll labelled CUFINEZ GOT.
 40391 | Vaults:3 | 40391 ||| READING 14 scrolls of identify.
 40391 | Vaults:3 | 40391 ||| IDENTIFYING sedimented emerald potion
 40392 | Vaults:3 | 40392 ||| DROPPING potion of ambrosia.
 40474 | Vaults:4 | 40474 ||| INVOKING Heroism.
 40744 | Vaults:4 | 40744 ||| Stepping ~*~*~tactically~*~*~ (hiding).
 40749 | Vaults:4 | 40749 ||| Stepping ~*~*~tactically~*~*~ (hiding).
 40752 | Vaults:4 | 40752 ||| Stepping ~*~*~tactically~*~*~ (hiding).
 40811 | Vaults:4 | 40811 ||| Stepping ~*~*~tactically~*~*~ (hiding).
 40830 | Vaults:4 | 40830 ||| Stepping ~*~*~tactically~*~*~ (stealth).
 40832 | Vaults:4 | 40832 ||| Stepping ~*~*~tactically~*~*~ (hiding).
 40863 | Vaults:4 | 40863 ||| FLEEEEING.
 40864 | Vaults:4 | 40864 ||| FLEEEEING.
 40865 | Vaults:4 | 40865 ||| FLEEEEING.
 40866 | Vaults:4 | 40866 ||| FLEEEEING.
 40867 | Vaults:4 | 40867 ||| FLEEEEING.
 40868 | Vaults:4 | 40868 ||| FLEEEEING.
 40870 | Vaults:4 | 40870 ||| FLEEEEING.
 40871 | Vaults:4 | 40871 ||| FLEEEEING.
 40872 | Vaults:4 | 40872 ||| FLEEEEING.
 40873 | Vaults:4 | 40873 ||| FLEEEEING.
 40874 | Vaults:4 | 40874 ||| FLEEEEING.
 40879 | Vaults:4 | 40879 ||| FLEEEEING.
 40880 | Vaults:4 | 40880 ||| FLEEEEING.
 40881 | Vaults:4 | 40881 ||| FLEEEEING.
 40882 | Vaults:4 | 40882 ||| FLEEEEING.
 40883 | Vaults:4 | 40883 ||| FLEEEEING.
 40884 | Vaults:4 | 40884 ||| FLEEEEING.
 40885 | Vaults:4 | 40885 ||| STAIRDANCE
 40989 | Vaults:4 | 40989 ||| Stepping ~*~*~tactically~*~*~ (hiding).
 40995 | Vaults:4 | 40995 ||| Stepping ~*~*~tactically~*~*~ (hiding).
 41007 | Vaults:4 | 41007 ||| Stepping ~*~*~tactically~*~*~ (hiding).
 41024 | Vaults:4 | 41024 ||| Stepping ~*~*~tactically~*~*~ (hiding).
 41030 | Vaults:4 | 41030 ||| Stepping ~*~*~tactically~*~*~ (hiding).
 41049 | Vaults:4 | 41049 ||| Stepping ~*~*~tactically~*~*~ (hiding).
 41065 | Vaults:4 | 41065 ||| Stepping ~*~*~tactically~*~*~ (hiding).
 41071 | Vaults:4 | 41071 ||| INVOKING Heroism.
 41087 | Vaults:4 | Received a gift from Okawaru
 41089 | Vaults:4 | 41089 ||| Stepping ~*~*~tactically~*~*~ (hiding).
 41098 | Vaults:4 | 41098 ||| Stepping ~*~*~tactically~*~*~ (hiding).
 41108 | Vaults:4 | 41108 ||| Stepping ~*~*~tactically~*~*~ (hiding).
 41121 | Vaults:4 | 41121 ||| Stepping ~*~*~tactically~*~*~ (hiding).
 41144 | Vaults:4 | Reached skill level 20 in Armour
 41217 | Vaults:4 | 41217 ||| Stepping ~*~*~tactically~*~*~ (hiding).
 41218 | Vaults:4 | 41218 ||| FLEEEEING.
 41229 | Vaults:4 | Reached XP level 21. HP: 140/140 MP: 25/25
 41232 | Vaults:4 | 41232 ||| FLEEEEING.
 41233 | Vaults:4 | 41233 ||| FLEEEEING.
 41234 | Vaults:4 | 41234 ||| STAIRDANCE
 41258 | Vaults:4 | 41258 ||| DROPPING +1 heavy war axe.
 41327 | Vaults:4 | 41327 ||| Stepping ~*~*~tactically~*~*~ (stealth).
 41328 | Vaults:4 | 41328 ||| Stepping ~*~*~tactically~*~*~ (stealth).
 41427 | Vaults:4 | 41427 ||| Stepping ~*~*~tactically~*~*~ (hiding).
 41537 | Vaults:4 | 41537 ||| Stepping ~*~*~tactically~*~*~ (stealth).
 41612 | Vaults:4 | 41612 ||| Stepping ~*~*~tactically~*~*~ (stealth).
 41623 | Vaults:4 | Reached ****** piety under Okawaru
 41650 | Vaults:4 | Found Juluera's Jewellery Shoppe.
 41738 | Vaults:4 | Received a gift from Okawaru
 41739 | Vaults:4 | Reached skill level 18 in Fighting
 41886 | Vaults:4 | 41886 ||| PLANNING SWAMP:4
 42256 | Swamp:4  | Entered Level 4 of the Swamp
 42264 | Swamp:4  | 42264 ||| INVOKING Heroism.
 42338 | Swamp:4  | 42338 ||| INVOKING Heroism.
 42341 | Swamp:4  | HP: 34/141 [19-headed hydra[a spriggan druid] (8)]
 42342 | Swamp:4  | 42342 ||| READING 15 scrolls of teleportation.
 42342 | Swamp:4  | HP: 8/141 [19-headed hydra[a spriggan druid] (11)]
 42342 | Swamp:4  | Slain by a 19-headed hydra

Levels and vault maps discovered:
D:1:      lightli_arrival_noodles, layout_rooms, roderic_roman_lattice,
          kennysheep_doodads
D:2:      layout_loops_corners, uniq_crazy_yiuf_cottage, uniq_jessica,
          uniq_natasha
D:3:      lemuel_castle_with_subvaults [lemuel_castle_interior_carwin_1],
          layout_basic, general_overflow_altar, minmay_pentomino_pile
D:4:      layout_loops_ring, nicolae_tso_besieged_by_evil, sigmund_army,
          uniq_sigmund
D:5:      layout_basic, nicolae_overflow_hallway_of_the_gods, enter_ossuary_4,
          minmay_misc_feat_cross, uniq_duvessa
D:6:      layout_rooms, kennysheep_orc_sif_temple, nrook_mini_vaults
D:7:      layout_layer_cave, lemuel_round_altar, minmay_temple_entry_glass,
          serial_shops, nicolae_shop_rolling_square, kennysheep_another_room
D:8:      layout_rooms, serial_shops, shop, enter_bailey_5, uniq_maurice
D:9:      layout_stronghold, david_orc_3, nicolae_shop_fire_sale
          [nicolae_sub_dead_trees], nicolae_sextant, uniq_joseph, uniq_psyche
D:10:     layout_stronghold, mainiacjoe_overflow_cross_hatched,
          lair_entry_dummy, gammafunk_ghost_necromancy, dk_noncrumbling_4,
          nooodl_orcs_dogs, uniq_sonja
D:11:     minmay_diamond_stairs, layout_layer_cave
D:12:     layout_roguey, nicolae_fountain_basement
D:13:     minmay_the_grid_3x2 [minmay_the_grid_outer_circle,
          minmay_the_grid_dragon_a, minmay_the_grid_spikes,
          minmay_the_grid_odd_star, minmay_the_grid_empty,
          minmay_the_grid_prize_four_corners], layout_stronghold,
          hangedman_weighted_door
D:14:     layout_loops_ring, david_vaults_4, hangedman_decor_opposing
D:15:     grunt_enter_depths_hoard, layout_loops_corners, grunt_decor_arrowhead
Temple:   hellmonk_temple_forest_ring
Lair:1:   layout_regular_city
Lair:2:   layout_cave_pods, nicolae_swamp_entry_spooky, grunt_megastairs_3
Lair:3:   layout_cave_shapes, nicolae_snake_entry_squirm, grunt_megastairs_4,
          lemuel_fruit_tree, infiniplex_staircase_pool_2
Lair:4:   layout_gridlike, slime_entry_1
Lair:5:   due_jungle_book, layout_gridlike, serial_bayou_shore_b
Swamp:1:  layout_basic_swamp, nicolae_swamp_round_clearing,
          nicolae_swamp_dense_foliage
Swamp:2:  layout_falls_marsh, evilmike_swamp_ruin_house_4, swamp_pool1
Swamp:3:  layout_falls_marsh, evilmike_swamp_ruin_house_6, swamp_pool2,
          nicolae_swamp_feature_on_the_river_bank
Swamp:4:  grunt_swamp_rune_castle, layout_basic_swamp
Snake:1:  layout_grid_maze, gammafunk_ghost_abyssal_escape, basic_altar,
          uniq_roxanne
Snake:2:  layout_onion_interference, serial_bayou_shore_a, minmay_shoptagon
Snake:3:  layout_chambers, nicolae_shop_i_like_small_books_too,
          nicolae_snake_slithery_corners, nicolae_snake_gridmaze_entwining
Snake:4:  grunt_snake_rune_serpentine_throne, layout_misc_corridors,
          serial_shops, nicolae_shop_window_shopping, basic_altar,
          minmay_shop_grid_forest, nicolae_snake_squiggles
Orc:1:    layout_caves, serial_shops, nicolae_shop_pleasant_corner_grove,
          nicolae_orc_damp_corner, roderic_batcave
Orc:2:    grunt_orc_gardens, layout_caves, grunt_orc_garden, grunt_orc_garden,
          grunt_orc_garden, grunt_orc_garden, basic_altar
Vaults:1: dpeg_vaults_waves, nicolae_vaults_door_testing_chamber,
          v_alt_pattern_2, ontoclasm_vaults_gateway, nicolae_vaults_diamond_1,
          vaults_room_door_hall, nicolae_vaults_spaceships,
          nicolae_vaults_closet_pinwheel_4, nicolae_vaults_weapon_check,
          layout_vaults_chaotic_city, uniq_aizul, uniq_nikola
Vaults:2: ontoclasm_vaults_chip, nicolae_vaults_tetromino_Z_1, v_misc_15,
          ontoclasm_vaults_tryst, nicolae_vaults_asterisk,
          nicolae_vaults_border_crossing, nicolae_vaults_security_offices_1,
          layout_vaults_omnigrid, minmay_crypt_entry_skeletal_spiral,
          serial_shops, nicolae_shop_tiny_real_fake_doors, uniq_donald,
          uniq_saint_roka, uniq_mara
Vaults:3: gammafunk_ghost_smash, nicolae_vaults_diamond_1,
          nicolae_vaults_network_quinsquares
          [nicolae_vaults_network_quincunx_subvault,
          nicolae_vaults_network_quincunx_subvault,
          nicolae_vaults_network_quincunx_subvault,
          nicolae_vaults_network_quincunx_subvault], vaults_mumra_minichess,
          nicolae_vaults_tangram_2, vaults_mumra_hexcomb,
          nicolae_vaults_offset_grid_hallway_3, nicolae_vaults_ninety_degrees,
          nicolae_vaults_six-pack, hangedman_vaults_capsules,
          nicolae_vaults_ring_of_whatevers, ontoclasm_vaults_fault,
          vaults_room_fancy_cross, layout_vaults_omnicross, serial_shops, shop
Vaults:4: nicolae_vaults_house_3, nicolae_vaults_trapezoid_lopsided_2,
          nicolae_vaults_frosty_reception, v_misc_11,
          nicolae_vaults_network_periphery, nicolae_vaults_tangram_2,
          nicolae_vaults_theta, nicolae_vaults_mini_display_case,
          special_room_vaults [special_room_orc], v_misc_18,
          hangedman_vaults_slice, nicolae_vaults_shelves_hall, v_misc_24,
          nicolae_vaults_apartment_1, layout_vaults_maze_snakey, serial_shops,
          nicolae_square_shop

Skill      XL: |  1  2  3  4  5  6  7  8  9 10 11 12 13 14 15 16 17 18 19 20 21 |
---------------+----------------------------------------------------------------+-----
Axes           | 2 3 4 5 6 7 9 10 11 12 13 14 15 16 | 16.0
Fighting       | 4 5 6 8 10 11 12 13 14 16 17 18 | 18.0
Dodging        | 1 2 3 4 5 6 |  6.0
Throwing       | 1 2 5 8 9 10 | 10.0
Armour         | 4 5 8 9 10 11 12 13 15 17 20 | 20.6
Shields        | 5 6 9 11 14 16 17 18 19 | 19.5
Invocations    | 4 8 10 | 10.0

Action                     |  1- 3 |  4- 6 |  7- 9 | 10-12 | 13-15 | 16-18 | 19-21 || total
---------------------------+-------+-------+-------+-------+-------+-------+-------++-------
  Melee: War axe           |    90 |   214 |   541 |   750 |  1628 |  2188 |  1809 ||  7220
         Morningstar       |       |       |       |       |     5 |    28 |       ||    33
  Throw: Boomerang         |       |     7 |    67 |    72 |    44 |    62 |    29 ||   281
         Javelin           |       |       |       |       |    45 |   101 |    62 ||   208
 Invoke: Heroism           |       |       |       |    19 |    36 |    39 |    14 ||   108
         Finesse           |       |       |       |       |     6 |     1 |     3 ||    10
    Use: Scroll            |     5 |     4 |     9 |    11 |     6 |     5 |     5 ||    45
         Potion            |       |       |     3 |     2 |     4 |     5 |     3 ||    17
   Stab: Distracted        |       |       |       |       |       |     1 |       ||     1
         Paralysed         |       |       |       |       |       |     2 |       ||     2
 Armour: Scale mail        |    31 |       |       |       |       |       |       ||    31
         Chain mail        |    20 |   118 |   248 |    33 |       |       |       ||   419
         Plate armour      |       |       |       |   525 |   797 |   894 |   307 ||  2523
         Crystal plate arm |       |       |       |       |       |       |   702 ||   702
  Dodge: Dodged            |    32 |    71 |   175 |   254 |   367 |   644 |   795 ||  2338
  Block: Buckler           |    13 |    36 |    94 |   108 |       |       |       ||   251
         Kite shield       |       |       |       |   133 |   373 |       |       ||   506
         Tower shield      |       |       |       |       |   768 |  2570 |  1731 ||  5069

Table legend:
 A = Non-vault XP
 B = Vault XP
 C = Vault XP percentage of total XP
 D = Non-vault monster count
 E = Vault monster count
 F = Vault count percentage of total count
                 A         B        C        D         E       F
            +---------+---------+-------+---------+---------+-------
      Total |  311724 |  200085 |  39.1 |     872 |     491 |  36.0
            +---------+---------+-------+---------+---------+-------
        D:1 |      31 |       0 |   0.0 |      18 |       0 |   0.0
        D:2 |     101 |      69 |  40.6 |      19 |       2 |   9.5
        D:3 |     138 |     626 |  81.9 |      22 |      57 |  72.2
        D:4 |     408 |     283 |  41.0 |      36 |      17 |  32.1
        D:5 |     692 |     216 |  23.8 |      15 |       4 |  21.1
        D:6 |    1656 |     299 |  15.3 |      31 |       6 |  16.2
        D:7 |    1012 |       0 |   0.0 |      13 |       0 |   0.0
        D:8 |    1617 |     486 |  23.1 |      11 |       5 |  31.2
        D:9 |    2396 |    1056 |  30.6 |      25 |       8 |  24.2
       D:10 |    4358 |    1777 |  29.0 |      23 |      13 |  36.1
       D:11 |    3027 |    4022 |  57.1 |      10 |       7 |  41.2
       D:12 |    5756 |     112 |   1.9 |      29 |       1 |   3.3
       D:13 |    8146 |   12175 |  59.9 |      20 |      24 |  54.5
       D:14 |   13287 |    2261 |  14.5 |      28 |       4 |  12.5
       D:15 |   14726 |    1725 |  10.5 |      24 |       2 |   7.7
     Lair:1 |    4838 |       0 |   0.0 |      21 |       0 |   0.0
     Lair:2 |    2953 |    1671 |  36.1 |      14 |       5 |  26.3
     Lair:3 |    5969 |     895 |  13.0 |      33 |       4 |  10.8
     Lair:4 |    5144 |       0 |   0.0 |      14 |       0 |   0.0
     Lair:5 |   13322 |   15781 |  54.2 |      36 |      33 |  47.8
    Swamp:1 |    7409 |       0 |   0.0 |      15 |       0 |   0.0
    Swamp:2 |   17959 |       0 |   0.0 |      24 |       0 |   0.0
    Swamp:3 |   11917 |       0 |   0.0 |      23 |       0 |   0.0
    Swamp:4 |    7118 |    1646 |  18.8 |      13 |       4 |  23.5
    Snake:1 |   11689 |    1356 |  10.4 |      23 |       1 |   4.2
    Snake:2 |   20049 |       0 |   0.0 |      41 |       0 |   0.0
    Snake:3 |   19105 |       0 |   0.0 |      36 |       0 |   0.0
    Snake:4 |   18798 |   30776 |  62.1 |      38 |      39 |  50.6
      Orc:1 |    2185 |       9 |   0.4 |      20 |       7 |  25.9
      Orc:2 |    3516 |    8103 |  69.7 |      38 |      27 |  41.5
   Vaults:1 |   10971 |   29724 |  73.0 |      22 |      37 |  62.7
   Vaults:2 |   32518 |   36100 |  52.6 |      44 |      55 |  55.6
   Vaults:3 |   24409 |   19369 |  44.2 |      32 |      22 |  40.7
   Vaults:4 |   16727 |   29278 |  63.6 |      26 |      53 |  67.1
    Abyss:2 |   17777 |       0 |   0.0 |      35 |       0 |   0.0
    Ossuary |       0 |     270 | 100.0 |       0 |      54 | 100.0
            +---------+---------+-------+---------+---------+-------
